 Dungeon Crawl Stone Soup version 0.32-a0-612-g1c984fe9d1 (webtiles) character file.

Game seed: 10899909924107285614

1625833 ragingrage the Acrobat (level 24, 142/142 HPs)
             Began as a Felid Chaos Knight on Mar 3, 2024.
             Was a Favourite Plaything of Xom.
             Escaped with the Orb
             ... and 3 runes on Mar 4, 2024!
             The game lasted 02:29:33 (68223 turns).

ragingrage the Acrobat (Felid Chaos Knight)        Turns: 68223, Time: 02:29:34

Health: 142/142    AC:  5    Str:  9 (10) XL:     24   Next: 75%
Magic:  27/36      EV: 51    Int: 24      God:    Xom [..*...]
Gold:   6342       SH:  0    Dex: 26 (27) Spells: 5/39 levels left
                                        Lives:  0   Deaths: 6

rFire   + +          +
                       - Unarmed
rCold   . . .        (shield unavailable)
rNeg    + . .        (body armour unavailable)
rPois   +            (helmet unavailable)
rElec   +            (cloak unavailable)
rCorr   .            (gloves unavailable)
SInv    +            (boots unavailable)
Will    +++++        s - amulet "Taychoak" {rC- Regen+ Str+3 Int+4}
Stlth   +++          O - ring "Saaffogea" {^Contam rElec rF++ rN+ Will+}
HPRegen 2.83/turn    U - ring of Zoine {rPois rF+ Will+ EV+5 SInv}
MPRegen 0.25/turn

%: no passive effects
@: maw-form, hasted (expiring), very quick
A: devouring maw, very small, claws 1, fangs 3, see invisible, shaggy fur 3,
stealthy paws, no weapons or thrown items, no armour, multi-lived, antennae 2,
iridescent scales 1, agile 1, deterioration 1, mutation resistance 1,
regeneration 2
0: Orb of Zot
}: 3/15 runes: decaying, serpentine, silver
a: Begin Untransformation, Renounce Religion


You escaped.
You worshipped Xom.
You were a toy of Xom.
You were a creature with a mouth for a stomach.
You visited 9 branches of the dungeon, and saw 47 of its levels.
You visited the Abyss 2 times.
You visited 1 bazaar.
You also visited: Trove, Gauntlet, Ice Cave and Desolation.

You collected 11194 gold pieces.
You spent 4852 gold pieces at shops.

Inventory:

Jewellery
 h - the amulet "Zaokhack" {^Drain rF+ Regen+ Int+5}
   (You took it off a deep elf annihilator on level 3 of the Elven Halls)

   [amulet of regeneration]

   Int+5:     It affects your intelligence (+5).
   rF+:       It protects you from fire.
   Regen+:    It increases your rate of health regeneration.
   ^Drain:    It drains your maximum health when unequipped.
 s - the amulet "Taychoak" (around neck) {rC- Regen+ Str+3 Int+4}
   (Xom gifted it to you on level 3 of the Dungeon)

   [amulet of regeneration]

   Str+3:     It affects your strength (+3).
   Int+4:     It affects your intelligence (+4).
   rC-:       It makes you vulnerable to cold.
   Regen+:    It increases your rate of health regeneration.
 G - the ring "Fuw Puofic" {rC+ rCorr Str+3}
   (You found it on level 3 of the Elven Halls)

   [ring of resist corrosion]

   Str+3:     It affects your strength (+3).
   rC+:       It protects you from cold.
   rCorr:     It protects you from acid and corrosion.
 L - the ring "Cerphamp" {rC+ Will+ Int+2 Dex+5}
   (You acquired it on level 1 of the Orcish Mines)

   [ring of willpower]

   Int+2:     It affects your intelligence (+2).
   Dex+5:     It affects your dexterity (+5).
   rC+:       It protects you from cold.
   Will+:     It increases your willpower.
 O - the ring "Saaffogea" (left paw) {^Contam rElec rF++ rN+ Will+}
   (You found it in an ice cave)

   [ring of positive energy]

   rF++:      It greatly protects you from fire.
   rElec:     It insulates you from electricity.
   rN+:       It protects you from negative energy.
   Will+:     It increases your willpower.
   ^Contam:   It causes magical contamination when unequipped.
 U - the ring of Zoine (right paw) {rPois rF+ Will+ EV+5 SInv}
   (You acquired it on level 4 of the Snake Pit)

   [ring of evasion]

   EV+5:      It affects your evasion (+5).
   rF+:       It protects you from fire.
   rPois:     It protects you from poison.
   Will+:     It increases your willpower.
   SInv:      It lets you see invisible.
 V - the ring of Fitargh {rPois Will+ Str+3 Int+3}
   (You found it in the Desolation of Salt)

   [ring of willpower]

   Str+3:     It affects your strength (+3).
   Int+3:     It affects your intelligence (+3).
   rPois:     It protects you from poison.
   Will+:     It increases your willpower.
 W - the ring of Nunofe {Wiz Will+ Str+6}
   (You took it off a fire giant on level 5 of the Vaults)

   [ring of wizardry]

   Wiz:       It improves your spell success rate.
   Str+6:     It affects your strength (+6).
   Will+:     It increases your willpower.
Talismans
 e - a maw talisman (active)
 R - a blade talisman
Wands
 n - a wand of flame (71)
 t - a wand of polymorph (51)
 y - a wand of digging (14)
 C - a wand of mindburst (12)
 E - a wand of quicksilver (14)
 J - a wand of roots (32)
 N - a wand of paralysis (41)
Scrolls
 a - 14 scrolls of teleportation
 b - 2 scrolls of blinking
 c - 5 scrolls of fog
 g - 9 scrolls of revelation
 j - 10 scrolls of vulnerability
 o - 12 scrolls of poison
 v - 5 scrolls of fear
 w - 6 scrolls of silence
 B - 10 scrolls of immolation
 H - 3 scrolls of amnesia
 I - 7 scrolls of noise
 S - 22 scrolls of identify
 X - a scroll of summoning
Potions
 f - 7 potions of brilliance
 i - 5 potions of cancellation
 k - 5 potions of haste
 l - a potion of invisibility
 m - 12 potions of heal wounds
 p - 9 potions of enlightenment
 q - 17 potions of curing
 r - 11 potions of might
 u - 5 potions of attraction
 x - 7 potions of resistance
 z - 4 potions of berserk rage
 A - 15 potions of ambrosia
 F - 5 potions of lignification
 K - 4 potions of mutation
 Y - a potion of magic {unknown}
Miscellaneous
 D - a phial of floods
 M - a sack of spiders (inert)
 P - a condenser vane (inert)
 Q - a phantom mirror
 T - a lightning rod (4/4)


   Skills:
 - Level 20.0 Fighting
 - Level 24.0 Dodging
 - Level 20.2 Stealth
 + Level 20.6 Unarmed Combat
 - Level 8.0 Spellcasting
 - Level 8.0 Conjurations
 - Level 18.0 Hexes
 - Level 5.0 Summonings
 - Level 10.0 Necromancy
 - Level 4.0 Translocations
 - Level 4.0 Earth Magic
 - Level 11.0 Alchemy
 - Level 15.3 Evocations
 - Level 14.0 Shapeshifting


You had 5 spell levels left.
You knew the following spells:

 Your Spells              Type           Power      Damage    Failure   Level
a - Fugue of the Fallen   Necr           55%        N/A       1%          3
b - Confusing Touch       Hex            77%        N/A       0%          3
c - Irradiate             Conj/Alch      26%        3d20      3%          5
d - Enfeeble              Hex            38%        N/A       3%          7
e - Passwall              Erth           28%        N/A       3%          3
f - Summon Mana Viper     Hex/Summ       59%        N/A       1%          5
g - Jinxbite              Hex            100%       N/A       0%          2
h - Blink                 Tloc           56%        N/A       1%          2
i - Olgreb's Toxic Radia  Alch           58%        N/A       1%          4

Your spell library contained the following spells:

 Spells                   Type           Power      Damage    Failure   Level
 Slow                     Hex            100%       N/A       0%          1
 Sigil of Binding         Hex            77%        N/A       0%          3
 Tukima's Dance           Hex            77%        N/A       0%          3
 Apportation              Tloc           56%        N/A       1%          1
 Foxfire                  Conj/Fire      100%       2x1d9     1%          1
 Kiss of Death            Conj/Necr      100%       2d13      1%          1
 Magic Dart               Conj           100%       1d8       1%          1
 Shock                    Conj/Air       100%       1d9       1%          1
 Summon Small Mammal      Summ           100%       N/A       1%          1
 Call Imp                 Summ           66%        N/A       1%          2
 Cigotuvi's Dreadful Rot  Necr/Alch/Air  86%        N/A       1%          2
 Ensorcelled Hibernation  Hex/Ice        100%       N/A       1%          2
 Lesser Beckoning         Tloc           56%        N/A       1%          2
 Searing Ray              Conj           96%        2d7       1%          2
 Sublimation of Blood     Necr           55%        N/A       1%          2
 Dazzling Flash           Conj/Hex       100%       N/A       1%          3
 Inner Flame              Hex/Fire       51%        N/A       1%          3
 Vampiric Draining        Necr           55%        2d9       1%          3
 Anguish                  Hex/Necr       33%        N/A       1%          4
 Cause Fear               Hex            38%        N/A       1%          4
 Dispel Undead            Necr           55%        3d20      1%          4
 Fulminant Prism          Conj/Alch      26%        3d14      1%          4
 Alistair's Intoxication  Alch           38%        N/A       1%          5
 Yara's Violent Unravell  Hex/Alch       34%        3d14      1%          5
 Call Canine Familiar     Summ           33%        N/A       2%          3
 Gell's Gravitas          Tloc           28%        N/A       3%          3
 Hailstorm                Conj/Ice       28%        3d8       3%          3
 Teleport Other           Tloc           28%        N/A       3%          3
 Leda's Liquefaction      Alch/Erth      22%        N/A       3%          4
 Petrify                  Alch/Erth      45%        N/A       3%          4
 Metabolic Englaciation   Hex/Ice        25%        N/A       4%          5
 Silence                  Hex/Air        25%        N/A       4%          5
 Iskenderun's Mystic Bla  Conj/Tloc      38%        2d9       5%          4
 Freeze                   Ice            36%        1d5       6%          1
 Summon Ice Beast         Ice/Summ       21%        N/A       7%          3
 Ignite Poison            Fire/Alch      36%        N/A       7%          4
 Volatile Blastmotes      Fire/Tloc      38%        2d13      9%          3
 Manifold Assault         Tloc           28%        N/A       12%         4
 Passage of Golubria      Tloc           28%        N/A       12%         4
 Ozocubu's Armour         Ice            9%         N/A       19%         3
 Swiftness                Air            9%         N/A       19%         3
 Summon Blazeheart Golem  Fire/Summ      21%        N/A       22%         4
 Summon Lightning Spire   Summ/Air       21%        N/A       22%         4
 Vhi's Electric Charge    Tloc/Air       38%        N/A       28%         4
 Summon Forest            Summ/Tloc      15%        N/A       28%         5
 Arcjolt                  Conj/Air       14%        1d24      34%         5
 Fireball                 Conj/Fire      14%        3d8       34%         5
 Lee's Rapid Deconstruct  Erth           14%        3d9*      34%         5
 Freezing Cloud           Conj/Ice/Air   11%        6-21      52%         5
 Airstrike                Air            4%         2d(1-17)  54%         4
 Sculpt Simulacrum        Ice/Alch       18%        N/A       71%         6
 Summon Cactus Giant      Summ           16%        N/A       77%         6
 Dispersal                Tloc           14%        N/A       88%         6
 Starburst                Conj/Fire      14%        6d6       88%         6
 Orb of Destruction       Conj           24%        9d9       90%         7
 Plasma Beam              Fire/Air       4%         2x1d14    100%        6
 Summon Hydra             Summ           16%        N/A       100%        7
 Disjunction              Tloc           14%        N/A       100%        8
 Ignition                 Fire           4%         3d4       100%        8
 Lehudib's Crystal Spear  Conj/Erth      19%        10d6      100%        8
 Maxwell's Capacitive Co  Air            4%         ∞         100%        8
 Chain Lightning          Conj/Air       14%        3d18      100%        9
 Death's Door             Necr           27%        N/A       100%        9
 Dragon's Call            Summ           16%        N/A       100%        9
 Dimensional Bullseye     Hex/Tloc       Unusable   N/A       N/A         4
 Animate Armour           Summ/Erth      Unusable   N/A       N/A         4

Dungeon Overview and Level Annotations

Branches:
Dungeon (15/15)            Temple (0/1) D:7            Lair (5/5) D:10
  Swamp (4/4) Lair:3        Snake (4/4) Lair:3        Slime (0/5) Lair:4
    Orc (2/2) D:9             Elf (3/3) Orc:2        Vaults (5/5) D:14
  Crypt (0/3) Vaults:2     Depths (4/4) D:15            Zot (5/5) Depths:4
  IceCv (visited)         Desolation (visited)      Gauntlet (visited)

Altars:
Dithmenos
Gozag
Hepliaklqana
Kikubaaqudgha
Nemelex Xobeh
Sif Muna
Uskayaw
Vehumet
Wu Jian
Xom
Beogh
Jiyva
Lugonu

Shops:
D:3 !   D:7 :   D:15 *   Orc:2 [*(:   Elf:2 *   Snake:1 :*   Vaults:1 ?
Vaults:4 (!   Zot:4 **

Portals:
Hell: Depths:1 Depths:2 Depths:3 Depths:4
Abyss: D:3 Depths:2 Depths:3
Pandemonium: Depths:2
Ziggurat: Depths:2

Annotations:
D:6 3 runed translucent doors, Splishie's ghost, novice GnSh
D:14 exclusion: centaur warrior, Agnes
Lair:2 3 runed translucent doors, Zisegg's ghost, journeyman DECj
Lair:3 1 exclusion
Snake:2 2 transporters
Depths:2 2 runed translucent doors
Depths:3 1 exclusion
Depths:4 6 runed translucent doors
Zot:3 exclusion: upstairs
Zot:4 3 runed translucent doors, Asesu's ghost, veteran AtFi
Zot:5 2 exclusions


Innate Abilities, Weirdness & Mutations

You are a creature with a mouth for a stomach.
Your midsection houses a second, enormous mouth.
You have sharp claws.
You have razor-sharp teeth.
You have supernaturally acute eyesight. (SInv)
Your thick and shaggy fur keeps you warm. (AC +3, rC+)
Your paws help you pounce on unaware monsters.
You are incapable of wielding weapons or throwing items.
You cannot wear armour.
You gain extra lives every three experience levels.
You have a pair of antennae on your head.
You are partially covered in iridescent scales. (AC +2)
You are agile. (Dex +4, Str/Int -1)
Your body sometimes deteriorates upon taking damage.
You are somewhat resistant to further mutation.
You heal very quickly.


Message History

Blink to where?
Press: ? - help, Dir - move target
As you read the scroll of blinking, it crumbles to dust.
You feel yourself speed up.
An Orb Guardian comes into view.
Aiming: Enfeeble (dangerous; 3% risk of failure)
Press: ? - help, Q - select action, (/) - cycle Shift-Dir - straight line, f - Orb Guardian
Aim: an Orb Guardian (will inflict weakness, chance to daze and blind: 46%)
The Orb Guardian partially resists.
The Orb Guardian is enfeebled!
Aiming: Enfeeble (dangerous; 3% risk of failure)
Press: ? - help, Q - select action, (/) - cycle Shift-Dir - straight line, f/p - Orb Guardian
Aim: an Orb Guardian (weak, will inflict weakness, chance to daze and blind: 46%)
The Orb Guardian is enfeebled!
You scratch the Orb Guardian. Your claw misses the Orb Guardian.
You bite the Orb Guardian, but do no damage.
You catch the helpless Orb Guardian completely off-guard!
You eviscerate the Orb Guardian!!!!
You kill the Orb Guardian!
(D) Dungeon (T) Temple (L) Lair (S) Swamp (P) Snake Pit (M) Slime Pits (O) Orcish Mines (E) Elven Halls (V) Vaults (C) Crypt (U) Depths (H) Hell (Z) Zot
Where to? (Tab/Enter - D:1 @ (x,y), ? - help)
Things that are here:
a quokka skeleton; a bat skeleton You see here a frilled lizard skeleton.
A Juewneen, a lich and a Brimstone Fiend come into view.
Blink to where?
Press: ? - help, Dir - move target
As you read the scroll of blinking, it crumbles to dust.
Juewneen moves out of view.
The lich moves out of view.
The Brimstone Fiend moves out of view.
Blink to where?
Press: ? - help, Dir - move target
As you read the scroll of blinking, it crumbles to dust.
There is an open gate here.
Your extra speed is starting to run out.
There is an open door here.
There is a staircase leading out of the dungeon here.
You have escaped!

♣♣♣ ################### ♣♣.♣
#....#...ß...#....# ♣♣..♣
#.W..'.....ß.#..⌠.# ♣♣...♣♣
#....#...⌠...#....# ♣.....♣
#....#.ß...ß.'....#
♣.....♣♣###..#.......#..###
#♣.1...{♣♣♣####..ß.ß..####
####..L......♣♣♣ #.......# ♣♣♣#
###..&÷..§.......♣♣###...###♣♣..#
...÷#######♣♣♣..§..♣♣#'''#♣.♣...#
.........# ###♣..............♣#


There were no monsters in sight!

Vanquished Creatures
  2 dread liches (Vaults:5)
  2 ancient liches (Vaults:5)
  An orb of fire (Zot:1)
  Parghit (Zot:3)
  4 golden dragons
  Nikola (Swamp:3)
  An iron giant (D:14)
  A Hell Sentinel (Vaults:5)
  A walking crystal tome (Depths:2)
  4 Orb Guardians
  3 deep elf blademasters (Elf:3)
  6 tentacled monstrosities
  Asterion (Snake:1)
  6 deep elf master archers
  3 liches
  A walking frostbound tome (Depths:4)
  2 titans (Vaults:5)
  6 quicksilver dragons
  3 sphinxes
  Frances (D:12)
  2 ancient champions
  6 death cobs
  2 tentacled starspawn (Abyss:2)
  The ghost of partyrob117 the Impregnable, an adept MiBe of Trog (Snake:1)
  A thorn hunter (Swamp:3)
  Gastronok (Lair:2)
  3 tengu reavers
  6 storm dragons
  5 shadow dragons (Vaults:5)
  The ghost of Scrimshaw the Marksgoblin, an adept CoHs of Okawaru (Snake:1)
  Aizul (Snake:3)
  2 fenstrider witches (Swamp:3)
  5 nagarajas
  4 fire giants
  4 protean progenitors
  2 deep elf sorcerers (Elf:3)
  A draconian monk (Zot:3)
  16 vault wardens
  3 iron dragons
  A draconian knight (Zot:1)
  3 imperial myrmidons (Desolation)
  12 frost giants
  2 ghost moths
  An orc warlord (Orc:2)
  3 deep elf elementalists (Elf:3)
  A balrug (Depths:1)
  A draconian shifter (Depths:4)
  2 ghouls
  A draconian annihilator (Depths:4)
  19 ironbound preservers
  A draconian stormcaller (Depths:4)
  2 formless jellyfish
  15 stone giants
  A broodmother (shapeshifter) (Depths:2)
  4 eleionomae
  3 vampire knights
  6 red draconians
  7 very ugly things
  3 ironbound thunderhulks
  11 deep elf annihilators
  A deep elf demonologist (Elf:3)
  7 black draconians
  5 green draconians
  7 yellow draconians
  2 halazid warlocks (Desolation)
  6 purple draconians
  7 war gargoyles
  5 deep elf death magi
  4 bunyips
  Azrael (D:14)
  15 dire elephants
  A minotaur (Gauntlet)
  5 white draconians
  A green death (Zot:5)
  An eidolon (Depths:1)
  12 fire dragons
  3 jiangshi (Depths:2)
  4 crystal guardians
  9 ragged hierophants (Desolation)
  13 ettins
  12 yaktaur captains
  5 entropy weavers
  30 vault guards
  5 deep elf high priests
  7 great orbs of eyes
  13 ice dragons
  21 hydras
  3 rakshasas (Depths:1)
  2 salamander tyrants (Snake:4)
  10 servants of whispers (Desolation)
  3 spriggan air magi
  9 peacekeepers
  2 hell beasts
  6 ironbound frosthearts
  11 anacondas
  7 centaur warriors
  A ghost crab (Swamp:2)
  27 dancing weapons
  A two-headed ogre (D:11)
  4 boulder beetles
  5 alligators
  9 deep troll earth magi
  4 deep troll shamans
  23 naga sharpshooters
  2 occultists
  A vampire mage (Depths:2)
  5 orc high priests
  A soul eater (Vaults:2)
  12 naga warriors
  4 thrashing horrors
  6 spriggan berserkers
  9 tengu warriors
  10 shock serpents
  2 sun demons (Depths:3)
  7 hell knights
  2 wretched stars (Abyss:2)
  2 skysharks (Lair:5)
  14 deep elf knights
  6 salamander mystics
  7 iron trolls
  An orb spider (Lair:5)
  54 deep trolls
  4 goliath frogs
  A sea snake (Snake:3)
  A storm dragon skeleton (Depths:1)
  2 shadow demons (Depths:3)
  A cherub (D:7)
  9 mana vipers
  2 large abominations (Abyss:2)
  A flayed ghost (Depths:3)
  3 glowing orange brains
  9 arcanists
  5 spriggan druids
  9 deep elf archers
  8 naga ritualists
  4 bog bodies
  14 swamp dragons
  23 lindwurms
  25 deep elf pyromancers
  24 ironbound convokers
  8 phantasmal warriors (Vaults:5)
  3 necromancers (Depths:1)
  16 deep elf zephyrmancers
  5 harpies
  4 orc knights
  38 ugly things
  4 orc sorcerers (Orc:2)
  4 cyclopes
  5 wolf spiders
  An oklob plant (D:10)
  16 salamanders
  5 will-o-the-wisps
  7 elephants
  10 moths of wrath
  2 kobold blastminers
  9 meliai (Depths:3)
  A centaur zombie (Abyss:2)
  3 guardian serpents
  An orange demon (Orc:1)
  2 ice statues
  A molten gargoyle (Desolation)
  3 torpor snails (Lair:5)
  50 black mambas
  A smoke demon (Abyss:2)
  2 gargoyles
  2 eyes of devastation
  17 vault sentinels
  15 naga magi
  An unseen horror (shapeshifter) (D:13)
  17 cane toads
  Maggie (D:8)
  32 yaktaurs
  An ice devil (IceCv)
  10 komodo dragons
  3 kobold demonologists (D:10)
  4 rime drakes
  An efreet (D:14)
  A komodo dragon (shapeshifter) (Depths:4)
  An anaconda simulacrum (IceCv)
  2 freezing wraiths
  An ancient zyme (Abyss:2)
  3 tengu conjurers
  2 queen bees
  A hellwing (Abyss:2)
  3 polar bears (Lair:5)
  7 trolls
  A tengu simulacrum (Depths:1)
  25 blink frogs
  18 hornets
  9 tyrant leeches
  A polar bear (shapeshifter) (D:15)
  5 raiju
  62 saltlings (Desolation)
  Grinder (D:3)
  A black mamba (shapeshifter) (Vaults:5)
  3 glass eyes
  20 slime creatures
  11 spriggans
  A vampire (D:10)
  5 air elementals
  A culicivora (shapeshifter) (Snake:1)
  2 shadows
  9 wyverns
  3 hogs
  A fire bat (Orc:1)
  4 water elementals
  A ynoxinul (Abyss:2)
  Eustachio (D:4)
  2 wraiths
  55 yaks
  A dire elephant simulacrum (IceCv)
  A warg (Orc:1)
  2 basilisks
  4 steam dragons
  3 fire elementals
  11 vampire mosquitoes
  A neqoxec (Abyss:2)
  3 redbacks
  20 swamp worms
  A chaos spawn (Zot:4)
  A swamp worm (shapeshifter) (Depths:2)
  44 nagas
  Duvessa (D:4)
  3 acid dragons
  4 hell hounds
  21 water moccasins
  38 orc warriors
  2 sky beasts (D:6)
  9 swamp drakes
  A black bear (D:7)
  An ice beast (D:6)
  2 spriggan simulacra (Depths:1)
  An ice beast (shapeshifter) (Vaults:1)
  22 wolves
  5 laughing skulls (Abyss:2)
  8 small abominations
  10 boggarts
  9 centaurs
  6 ogres
  A phantom (D:4)
  17 bullfrogs
  4 kobold brigands
  A brain worm (Abyss:2)
  A weeping skull (Abyss:2)
  3 scorpions
  2 gnoll sergeants
  A cane toad simulacrum (IceCv)
  3 earth elementals
  5 two-headed ogre simulacra (IceCv)
  5 wights (D:7)
  Dowan (D:4)
  2 elephant simulacra (IceCv)
  27 killer bees
  An electric eel (Snake:3)
  3 howler monkeys
  5 hounds
  9 jellies
  Crazy Yiuf (D:3)
  17 orc priests
  A quasit (Abyss:2)
  A gnoll bouda (D:8)
  11 iguanas
  4 sleepcaps
  6 hell rats (Lair:4)
  19 orc wizards
  Natasha (thrice) (D:3)
  An iguana (shapeshifter) (D:12)
  4 polar bear simulacra (IceCv)
  8 troll simulacra (IceCv)
  5 wolf simulacra (IceCv)
  Robin (D:3)
  17 gnolls
  A river rat (D:11)
  10 adders
  4 naga simulacra (IceCv)
  5 shadow imps
  6 white imps
  7 ufetubi (IceCv)
  2 dart slugs
  5 ribbon worms
  90 orcs
  11 endoplasms
  2 giant cockroaches
  17 goblins
  13 hobgoblins
  6 jackals
  20 kobolds
  6 quokkas
  7 ball pythons
  7 bats
  4 frilled lizards
  8 rats
  A lurking horror (D:3)
  A starspawn tentacle (Abyss:2)
2060 creatures vanquished.

Vanquished Creatures (collateral kills)
  An orb of fire (Zot:2)
  Jorgrun (D:12)
  2 liches (Vaults:5)
  A titan (Vaults:5)
  A nagaraja (Snake:4)
  A vault warden (Vaults:5)
  A demonspawn corrupter (Zot:1)
  A black draconian (Zot:3)
  A deep elf death mage (Elf:3)
  2 dire elephants (Vaults:1)
  Erolcha (D:12)
  A yaktaur captain (Vaults:5)
  2 hydras
  An anaconda (Snake:1)
  A centaur warrior (D:14)
  4 dancing weapons
  An alligator (Lair:3)
  A two-headed ogre (D:12)
  A deep elf knight (Elf:3)
  A deep troll (Vaults:3)
  A spriggan druid (Swamp:4)
  2 naga ritualists
  An ironbound convoker (Vaults:3)
  A lindwurm (Vaults:1)
  A deep elf zephyrmancer (Elf:2)
  A moth of wrath (Zot:1)
  A cyclops (D:14)
  2 elephants (Lair:3)
  A water nymph (shapeshifter) (Vaults:5)
  A naga mage (Snake:1)
  A torpor snail (Lair:5)
  3 black mambas
  A cane toad (Lair:5)
  A freezing wraith (D:12)
  2 komodo dragons
  A polar bear (Lair:5)
  7 yaks
  2 wraiths
  A wyvern (Lair:5)
  2 vampire mosquitoes (D:12)
  2 water moccasins
  An acid dragon (D:12)
  An orc warrior (D:12)
  2 wolves (Lair:5)
  3 orc wizards (D:12)
68 creatures vanquished.

Vanquished Creatures (others)
  Vashnia (Snake:2)
  An eldritch tentacle (Zot:3)
  A fire giant (Depths:3)
  A draconian knight (Zot:3)
  An ironbound thunderhulk (Vaults:3)
  A halazid warlock (Desolation)
  4 dancing weapons
  A deep troll (Vaults:1)
  A swamp dragon (Swamp:4)
  A deep elf pyromancer (Elf:3)
  3 bloated husks
  4 humans (D:14)
  A naga (Snake:2)
  A water moccasin (Lair:2)
  4 killer bees (D:9)
  An orc priest (D:14)
  4 orcs
  4 kobolds (D:10)
  17 foxfires
  A lurking horror (D:3)
  5 starspawn tentacles (Abyss:2)
58 creatures vanquished.

Grand Total: 2186 creatures vanquished

Notes
Turn   | Place    | Note
-------+----------+-------------------------------------------
     0 | D:1      | ragingrage the Felid Chaos Knight began the quest for the
                  | Orb.
     0 | D:1      | Reached XP level 1. HP: 12/12 MP: 2/2
    51 | D:1      | Reached skill level 1 in Stealth
   111 | D:1      | Reached XP level 2. HP: 3/16 MP: 3/3
   628 | D:1      | XOM: silly message
  1003 | D:2      | Reached XP level 3. HP: 20/20 MP: 4/4
  1006 | D:2      | Learned a level 2 spell: Jinxbite
  1146 | D:2      | Found the +5 robe of Misfortune {Harm *Corrode *Slow EV+5}
  1312 | D:2      | XOM: divination: detect creatures
  1384 | D:2      | XOM: silly message
  1540 | D:2      | Reached skill level 1 in Hexes
  1779 | D:2      | XOM: silly message
  1816 | D:2      | Reached XP level 4. HP: 24/24 MP: 5/5
  1816 | D:2      | Gained a life (2 lives remaining)
  1871 | D:3      | Noticed Robin
  2010 | D:3      | Found a one-way gate to the infinite horrors of the Abyss.
  2010 | D:3      | Found a corrupted altar of Lugonu.
  2014 | D:3      | XOM: butterfly on damage
  2073 | D:3      | XOM: silly message
  2160 | D:3      | Found Madghool's Distillery.
  2167 | D:3      | Bought a potion of curing for 36 gold pieces
  2167 | D:3      | Bought a potion of lignification for 36 gold pieces
  2167 | D:3      | Bought a potion of might for 48 gold pieces
  2318 | D:3      | Noticed Natasha
  2359 | D:3      | Found an ancient bone altar of Kikubaaqudgha.
  2361 | D:3      | Found a hazy altar of Hepliaklqana.
  2362 | D:3      | Found a shadowy altar of Dithmenos.
  2402 | D:3      | Noticed Grinder
  2407 | D:3      | Paralysed by Grinder for 5 turns
  2410 | D:3      | Slain by Grinder
  2410 | D:3      | Lost a life (1 life remaining)
  2426 | D:3      | Found a runed translucent door.
  2427 | D:3      | Noticed Crazy Yiuf
  2502 | D:4      | Noticed Duvessa
  2502 | D:4      | Noticed Dowan
  2502 | D:4      | XOM: divination: detect creatures
  2523 | D:3      | Identified the amulet "Taychoak" {rC- Regen+ Str+3 Int+4}
                  | (Xom gifted it to you on level 3 of the Dungeon)
  2523 | D:3      | XOM: god gift: amulet "Taychoak" {rC- Regen+ Str+3 Int+4}
  2640 | D:3      | Killed Grinder
  2641 | D:3      | Reached skill level 5 in Stealth
  2641 | D:3      | Reached skill level 1 in Shapeshifting
  2641 | D:3      | Reached XP level 5. HP: 28/28 MP: 6/6
  2641 | D:3      | Gained mutation: You are covered in thick fur. (AC +2)
                  | [Felid growth]
  2641 | D:3      | Reached XP level 6. HP: 32/32 MP: 7/7
  2710 | D:3      | Killed Robin
  2991 | D:3      | Killed Crazy Yiuf
  3073 | D:3      | Killed Natasha
  3074 | D:3      | Reached skill level 5 in Unarmed Combat
  3124 | D:3      | Noticed Natasha
  3128 | D:3      | Killed Natasha
  3163 | D:3      | Found an ancient bone altar of Kikubaaqudgha.
  3165 | D:3      | Found a hazy altar of Hepliaklqana.
  3166 | D:3      | Found a shadowy altar of Dithmenos.
  3206 | D:3      | Found a corrupted altar of Lugonu.
  3209 | D:3      | Found a one-way gate to the infinite horrors of the Abyss.
  3283 | D:3      | Noticed Natasha
  3291 | D:3      | Killed Natasha
  3326 | D:4      | XOM: give mutation
  3326 | D:4      | Gained mutation: You possess an exceptional clarity of
                  | mind. [Xom's grace]
  3409 | D:4      | XOM: silly message
  3426 | D:4      | XOM: cast spell 'Alistair's Intoxication'
  3584 | D:5      | Entered Level 5 of the Dungeon
  3595 | D:4      | Reached XP level 7. HP: 36/36 MP: 5/8
  3595 | D:4      | Gained a life (2 lives remaining)
  3620 | D:5      | XOM: noise
  3625 | D:4      | XOM: potion effect (brilliance)
  3638 | D:4      | XOM: summons friendly white imp
  3639 | D:4      | XOM: divination: detect creatures
  3649 | D:4      | Killed Duvessa
  3650 | D:4      | Reached skill level 5 in Hexes
  3678 | D:4      | Killed Dowan
  3712 | D:4      | XOM: silly message
  3960 | D:4      | XOM: divination: detect items
  3996 | D:4      | XOM: divination: magic mapping
  4068 | D:4      | Noticed Eustachio
  4082 | D:4      | XOM: confuse monster(s)
  4088 | D:4      | Killed Eustachio
  4285 | D:4      | XOM: silly message
  4297 | D:4      | Reached XP level 8. HP: 40/40 MP: 6/9
  4746 | D:5      | XOM: swap monsters
  4887 | D:5      | Reached skill level 5 in Shapeshifting
  4960 | D:5      | XOM: 9-stop teleportation journey
  5684 | D:5      | XOM: potion effect (invisibility)
  5700 | D:5      | XOM: noise
  5795 | D:6      | XOM is BORED!
  5820 | D:6      | XOM: divination: detect creatures
  5821 | D:6      | XOM: enchant monster (bad)
  5877 | D:6      | XOM: polymorph kobold -> endoplasm
  5950 | D:6      | XOM: noise
  6107 | D:6      | Reached skill level 4 in Dodging
  6119 | D:6      | Noticed Splishie's ghost (novice GnSh)
  6119 | D:6      | XOM: 9-stop teleportation journey
  6139 | D:6      | Reached XP level 9. HP: 43/44 MP: 7/10
  6270 | D:6      | Found a runed translucent gate.
  6272 | D:6      | Found a runed translucent gate.
  6277 | D:6      | Found a runed translucent gate.
  6282 | D:6      | XOM: silly message
  6915 | D:7      | Found Ereceuwu's Book Boutique.
  6932 | D:7      | XOM: cleaving
  6949 | D:7      | XOM: smoke on damage
  6953 | D:7      | Reached skill level 5 in Dodging
  6992 | D:7      | XOM: enchant monster (bad)
  7032 | D:7      | XOM: cast spell 'Discord'
  7065 | D:7      | Found a sparkling altar of Nemelex Xobeh.
  7364 | D:7      | Found a staircase to the Ecumenical Temple.
  7633 | D:8      | XOM: swap monsters
  7638 | D:8      | Reached skill level 5 in Fighting
  7638 | D:8      | Reached skill level 6 in Dodging
  7759 | D:8      | Noticed Maggie
  7782 | D:8      | XOM: 1-stop teleportation journey
  7798 | D:8      | XOM: summons 4 hostile shadow creatures
  7800 | D:8      | XOM: summons friendly white imp
  8035 | D:8      | XOM: give mutation
  8035 | D:8      | Gained mutation: You passively map a small area around you.
                  | [Xom's grace]
  8038 | D:8      | Killed Maggie
  8096 | D:8      | Reached skill level 7 in Dodging
  8210 | D:8      | XOM: god gift: glowing cloak {god gift}
  8221 | D:8      | XOM: 5-stop teleportation journey
  8291 | D:8      | XOM: cloud trail
  8292 | D:8      | Identified a scroll of acquirement
  8338 | D:8      | Reached skill level 8 in Dodging
  8391 | D:8      | Reached XP level 10. HP: 51/51 MP: 8/11
  8399 | D:8      | Reached skill level 9 in Dodging
  8505 | D:8      | XOM: give mutations
  8505 | D:8      | Gained mutation: You are strong-willed. (Will+) [Xom's
                  | grace]
  8505 | D:8      | Gained mutation: You have a somewhat thin skeletal
                  | structure. (Dex +2, Stealth+) [Xom's grace]
  8521 | D:8      | XOM: stat loss: -1 Str (10/11)
  9045 | D:9      | XOM: god gift: 2 potions of brilliance
  9096 | D:9      | Found a hide-covered altar of Uskayaw.
  9400 | D:9      | XOM: 1-stop teleportation journey
  9488 | D:9      | XOM: give mutations
  9488 | D:9      | Gained mutation: You are dopey. (Int -2) [Xom's mischief]
  9488 | D:9      | Lost mutation: You passively map a small area around you.
                  | [Xom's mischief]
  9535 | D:9      | XOM: swap monsters
  9565 | D:9      | XOM: silly message
  9590 | D:9      | XOM: give mutation
  9590 | D:9      | Lost mutation: You are strong-willed. (Will+) [Xom's
                  | mischief]
  9620 | D:9      | Reached skill level 10 in Dodging
  9776 | D:9      | XOM: chaos cloud
  9793 | D:9      | XOM: chaos cloud
  9826 | D:9      | XOM: give mutations
  9826 | D:9      | Gained mutation: You occasionally shout uncontrollably at
                  | your foes. [Xom's mischief]
  9826 | D:9      | Lost mutation: You occasionally shout uncontrollably at
                  | your foes. [Xom's mischief]
  9938 | D:9      | XOM: torment (28/53 hp)
 10023 | D:9      | XOM: give mutation
 10023 | D:9      | Gained mutation: You have an increased reservoir of magic.
                  | (+10% MP) [Xom's mischief]
 10073 | D:9      | XOM: destruction
 10180 | D:9      | Found a roughly hewn altar of Beogh.
 10180 | D:9      | Found a staircase to the Orcish Mines.
 10499 | D:9      | XOM: stat loss: -1 Int (18/19)
 10500 | D:9      | XOM: noise
 10735 | D:10     | Entered Level 10 of the Dungeon
 10789 | D:10     | Found a staircase to the Lair.
 10789 | D:10     | Noticed an oklob plant
 10803 | D:10     | XOM: noise
 10809 | D:10     | XOM: potion effect (berserk rage)
 10815 | D:10     | Reached skill level 11 in Dodging
 10874 | D:10     | Found a shimmering blue altar of Sif Muna.
 10883 | D:10     | Reached XP level 11. HP: 52/56 MP: 10/13
 10989 | D:10     | XOM: cloud trail
 11038 | D:10     | Noticed a centaur warrior
 11051 | D:10     | Killed a centaur warrior
 11098 | D:10     | Found a radiant altar of Vehumet.
 11197 | D:10     | XOM: noise
 11209 | D:10     | XOM: cast spell 'Leda's Liquefaction'
 11220 | D:10     | XOM: noise
 11225 | D:10     | XOM: destruction
 11456 | D:10     | Noticed a sun demon
 11457 | D:10     | Reached skill level 12 in Dodging
 11457 | D:10     | Reached skill level 10 in Unarmed Combat
 11464 | D:10     | Noticed a sixfirhy
 11723 | D:9      | XOM: stat loss: -1 Dex (20/21)
 11771 | D:10     | Noticed a soul eater
 12152 | D:10     | Killed an oklob plant
 12165 | Lair:1   | Entered Level 1 of the Lair of Beasts
 12244 | Lair:1   | XOM: potion effect (haste)
 12303 | Lair:1   | Identified the ring "Nippuhu" {+Blink rC+ Dex+6}
 12344 | Lair:1   | XOM: scenery: create altars
 12537 | Lair:1   | XOM: cleaving
 12548 | Lair:1   | Reached skill level 13 in Dodging
 12605 | Lair:1   | XOM: destruction
 12614 | Lair:1   | XOM: confuse monster(s)
 12646 | Lair:1   | XOM: enchant monster (good)
 12723 | Lair:1   | XOM: divination: magic mapping
 12854 | Lair:1   | XOM: fog
 13051 | Lair:1   | XOM: 2-stop teleportation journey
 13157 | Lair:1   | XOM: give mutations
 13157 | Lair:1   | Gained mutation: You expend magic power (3 MP) to
                  | strengthen your wands. [Xom's grace]
 13157 | Lair:1   | Gained mutation: Your natural rate of healing is unusually
                  | fast. [Xom's grace]
 13157 | Lair:1   | Lost mutation: You are dopey. (Int -2) [Xom's grace]
 13351 | Lair:1   | XOM: blink monster(s)
 13352 | Lair:1   | XOM: enchant monster (good)
 13353 | Lair:1   | XOM: smoke on damage
 13361 | Lair:1   | Gained mutation: Your thick and shaggy fur keeps you warm.
                  | (AC +3, rC+) [Felid growth]
 13361 | Lair:1   | Reached XP level 12. HP: 57/63 MP: 12/14
 13451 | Lair:1   | XOM: give mutations
 13451 | Lair:1   | Gained mutation: You heal very quickly. [Xom's mischief]
 13451 | Lair:1   | Lost mutation: You expend magic power (3 MP) to strengthen
                  | your wands. [Xom's mischief]
 13451 | Lair:1   | Gained mutation: Your spells are a little harder to cast,
                  | but a little more powerful. [Xom's mischief]
 13477 | Lair:2   | Reached skill level 14 in Dodging
 13563 | Lair:2   | Noticed a six-headed hydra
 13582 | Lair:2   | XOM: smoke on damage
 13677 | Lair:2   | Learned a level 3 spell: Confusing Touch
 13679 | Lair:2   | XOM: polymorph bullfrog -> hobgoblin
 13700 | Lair:2   | XOM: confuse monster(s)
 13766 | Lair:2   | Noticed a six-headed hydra
 13774 | Lair:2   | XOM: noise
 13778 | Lair:2   | Killed a six-headed hydra
 13801 | Lair:2   | Noticed a four-headed hydra
 13811 | Lair:2   | Killed a four-headed hydra
 13864 | Lair:2   | XOM: summons 3 friendly demons
 13880 | Lair:2   | XOM: polymorph white imp -> ufetubus
 14009 | Lair:2   | Reached skill level 15 in Dodging
 14018 | Lair:2   | Reached skill level 1 in Evocations
 14060 | Lair:2   | Noticed Gastronok
 14076 | Lair:2   | XOM: divination: magic mapping
 14084 | Lair:2   | Killed Gastronok
 14216 | Lair:2   | XOM: summons 2 friendly demons
 14221 | Lair:2   | XOM: enchant monster (good)
 14286 | Lair:2   | XOM: summons 6 hostile demons
 14502 | Lair:2   | Killed a six-headed hydra
 14680 | Lair:2   | Reached XP level 13. HP: 71/71 MP: 12/15
 14815 | Lair:2   | Found a runed translucent gate.
 14815 | Lair:2   | Found a runed translucent gate.
 14816 | Lair:2   | Found a runed translucent gate.
 14817 | Lair:2   | Noticed Zisegg's ghost (journeyman DECj)
 15104 | Lair:3   | XOM: swap monsters
 15173 | Lair:3   | Found a gate leading to a gauntlet.
 15183 | Lair:3   | Acquired a manual of Evocations
 15207 | Gauntlet | Entered a Gauntlet
 15207 | Gauntlet | Found a transporter.
 15215 | Gauntlet | Found a runed translucent gate.
 15216 | Gauntlet | Found a transporter.
 15216 | Gauntlet | Found a runed translucent gate.
 15217 | Gauntlet | Found a runed translucent gate.
 15228 | Gauntlet | Found a transporter.
 15232 | Gauntlet | Found a transporter.
 15242 | Gauntlet | Found a transporter.
 15269 | Gauntlet | Found a transporter.
 15273 | Gauntlet | Found a transporter.
 15284 | Gauntlet | Found a transporter.
 15294 | Gauntlet | Found a transporter.
 15299 | Gauntlet | Found a transporter.
 15303 | Gauntlet | Found a transporter.
 15311 | Gauntlet | Found a transporter.
 15421 | Gauntlet | XOM: give mutation
 15421 | Gauntlet | Gained mutation: Your skin changes colour to match your
                  | surroundings (Stealth+). [Xom's mischief]
 15440 | Gauntlet | Identified the amulet "Ogrefyck" {Acrobat Harm rN++ Will-}
 15451 | Gauntlet | XOM: summons 7 friendly demons
 15463 | Gauntlet | Identified the ring of the Hart {Ice rElec}
 15471 | Gauntlet | XOM: enchant monster (good)
 15473 | Gauntlet | Reached skill level 10 in Fighting
 15473 | Gauntlet | Reached skill level 5 in Evocations
 15490 | Gauntlet | XOM: summons 6 friendly demons
 15496 | Gauntlet | Reached skill level 16 in Dodging
 15519 | Gauntlet | Noticed a minotaur
 15522 | Gauntlet | XOM: divine lightning
 15531 | Gauntlet | Killed a minotaur
 15534 | Gauntlet | Got the Folio of the Rallied Glacier
 15662 | Lair:3   | Found a staircase to the Swamp.
 15714 | Lair:3   | XOM: scenery: create altars
 15762 | Lair:3   | Found a staircase to the Snake Pit.
 15851 | Lair:3   | XOM: polymorph elephant -> alligator
 15854 | Lair:3   | XOM: give mutations
 15854 | Lair:3   | Gained mutation: Your spells are harder to cast, but more
                  | powerful. [Xom's mischief]
 15854 | Lair:3   | Lost mutation: You heal very quickly. [Xom's mischief]
 15854 | Lair:3   | Lost mutation: You have an increased reservoir of magic.
                  | (+10% MP) [Xom's mischief]
 15854 | Lair:3   | Gained mutation: You are agile. (Dex +4, Str/Int -1) [Xom's
                  | mischief]
 15870 | Lair:3   | XOM: summons friendly quasit
 16168 | Lair:4   | XOM: 2-stop teleportation journey
 16173 | Lair:4   | XOM: confuse monster(s)
 16208 | Lair:4   | XOM: polymorph yak -> boggart
 16211 | Lair:4   | XOM: enchant monster (good)
 16214 | Lair:4   | Reached skill level 10 in Evocations
 16473 | Lair:4   | XOM: potion effect (berserk rage)
 16474 | Lair:4   | XOM: divination: detect items
 16479 | Lair:4   | XOM: potion effect (haste)
 16532 | Lair:4   | XOM: silly message
 16559 | Lair:4   | Reached skill level 1 in Spellcasting
 16611 | Lair:4   | Found a staircase to the Slime Pits.
 16612 | Lair:4   | Found a viscous altar of Jiyva.
 16659 | Lair:4   | Found a frozen archway.
 16676 | IceCv    | Entered an ice cave
 16709 | IceCv    | XOM: give mutations
 16709 | IceCv    | Lost mutation: You possess an exceptional clarity of mind.
                  | [Xom's mischief]
 16709 | IceCv    | Gained mutation: Your mind is acute. (Int +4, Str/Dex -1)
                  | [Xom's mischief]
 16709 | IceCv    | Gained mutation: You heal very quickly. [Xom's mischief]
 16761 | IceCv    | XOM: god gift: +2 leather armour of fire resistance
 16801 | IceCv    | XOM: god gift: short sword {god gift}
 16920 | IceCv    | XOM: give mutations
 16920 | IceCv    | Gained mutation: You are strong-willed. (Will+) [Xom's
                  | grace]
 16920 | IceCv    | Gained mutation: You possess an exceptional clarity of
                  | mind. [Xom's grace]
 16920 | IceCv    | Gained mutation: Your muscles are strong. (Str +4, Int/Dex
                  | -1) [Xom's grace]
 17190 | IceCv    | Found the +7 sceptre of Torment {pain, torment}
 17195 | IceCv    | Identified the ring "Saaffogea" {^Contam rElec rF++ rN+
                  | Will+}
 17235 | IceCv    | XOM: give mutations
 17235 | IceCv    | Lost mutation: You are strong-willed. (Will+) [Xom's
                  | mischief]
 17235 | IceCv    | Gained mutation: You are somewhat resistant to further
                  | mutation. [Xom's mischief]
 17235 | IceCv    | Gained mutation: You have a pair of small antennae on your
                  | head. [Xom's mischief]
 17242 | IceCv    | XOM: give mutations
 17242 | IceCv    | Lost mutation: Your skin changes colour to match your
                  | surroundings (Stealth+). [Xom's mischief]
 17242 | IceCv    | Gained mutation: You expend magic power (3 MP) to
                  | strengthen your wands. [Xom's mischief]
 17578 | Lair:4   | XOM: scenery: summon butterflies
 17680 | Lair:4   | XOM: god gift: 2 scrolls of blinking
 18025 | Lair:5   | Entered Level 5 of the Lair of Beasts
 18028 | Lair:5   | XOM: fake destruction
 18036 | Lair:4   | XOM: polymorph basilisk -> hound
 18157 | Lair:5   | Reached XP level 14. HP: 79/79 MP: 15/18
 18365 | Lair:5   | XOM: cast spell 'Cause Fear'
 18550 | Lair:5   | XOM: silly message
 18574 | Lair:5   | XOM: noise
 18585 | Lair:5   | XOM: confuse monster(s)
 18625 | Lair:5   | XOM: confuse monster(s)
 18651 | Lair:5   | XOM: enchant monster (good)
 18678 | Lair:5   | XOM: potion effect (magic)
 18707 | Lair:5   | XOM: divination: magic mapping
 18708 | Lair:5   | XOM: enchant monster (bad)
 18714 | Lair:5   | XOM: scenery: create altars
 18740 | Lair:5   | XOM: silly message
 18749 | Lair:5   | XOM: enchant monster (bad)
 18811 | Lair:5   | XOM: cast spell 'Summon Hydra'
 18864 | Lair:5   | XOM: fog
 18974 | Lair:5   | XOM: 3-stop teleportation journey
 18977 | Lair:5   | XOM: swap monsters
 19041 | Lair:5   | XOM: cleaving
 19043 | Lair:5   | XOM: enchant monster (good)
 19048 | Lair:5   | XOM: polymorph lindwurm -> orb spider
 19058 | Lair:5   | XOM: enchant monster (bad)
 19152 | Lair:5   | XOM: divination: detect items
 19390 | Lair:5   | XOM: 1-stop teleportation journey
 19523 | Lair:5   | XOM: divination: magic mapping
 19761 | Lair:5   | XOM: polymorph torpor snail -> harpy
 20057 | Lair:1   | XOM: summons 2 hostile demons
 20134 | D:11     | XOM: polymorph yak -> river rat
 20234 | D:11     | XOM: scenery: summon butterflies
 20254 | D:11     | XOM: summons 4 friendly demons
 20308 | D:11     | Reached skill level 15 in Evocations
 20709 | D:12     | XOM: polymorph boulder beetle -> redback
 20711 | D:12     | Noticed Jorgrun
 20723 | D:12     | Noticed Erolcha
 20727 | Abyss:2  | XOM: noise
 20727 | Abyss:2  | Cast into level 2 of the Abyss (Erolcha)
 20729 | Abyss:2  | Found a corrupted altar of Lugonu.
 20774 | Abyss:2  | Noticed a tentacled starspawn
 20779 | Abyss:2  | XOM: god gift: 6 stones
 20795 | Abyss:2  | XOM: divine lightning
 20796 | Abyss:2  | Killed a tentacled starspawn
 20854 | Abyss:2  | XOM: cloud trail
 20904 | Abyss:2  | XOM: summons friendly ufetubus
 20926 | Abyss:2  | XOM: noise
 20988 | Abyss:2  | Noticed a tentacled starspawn
 20990 | Abyss:2  | XOM: confuse monster(s)
 20991 | Abyss:2  | XOM: torment (42/82 hp)
 21015 | Abyss:2  | Killed a tentacled starspawn
 21016 | Abyss:2  | Reached XP level 15. HP: 65/86 MP: 19/19
 21026 | Abyss:2  | XOM: stat loss: -1 Str (12/13)
 21090 | Abyss:2  | XOM: noise
 21098 | Abyss:2  | Noticed a tentacled starspawn
 21107 | Abyss:2  | XOM: cleaving
 21116 | Abyss:2  | XOM: divine lightning
 21159 | Abyss:2  | XOM: god gift: book of Misfortune
 21194 | Abyss:2  | Found a corrupted altar of Lugonu.
 21208 | Abyss:2  | XOM: summons friendly quasit
 21301 | Abyss:2  | Noticed a dread lich
 21313 | Abyss:2  | XOM: scenery: create altars
 21317 | Abyss:2  | Found a corrupted altar of Lugonu.
 21416 | Abyss:2  | Found a corrupted altar of Lugonu.
 21451 | D:12     | Escaped the Abyss
 21458 | D:12     | Killed Jorgrun
 21459 | D:12     | Reached skill level 10 in Hexes
 21463 | D:12     | Killed Erolcha
 21808 | D:12     | Noticed Frances
 21821 | D:12     | Killed Frances
 21833 | D:12     | XOM: polymorph gnoll sergeant -> glowing shapeshifter
 21947 | D:12     | XOM: polymorph boulder beetle -> brown ugly thing
 21952 | D:12     | XOM: silly message
 21958 | D:12     | XOM: smoke on damage
 22143 | D:13     | Identified the ring "Bepny" {rF+ MP+9 Dex+4}
 22277 | D:13     | XOM: silly message
 22394 | D:13     | XOM: silly message
 22450 | D:13     | XOM: blink monster(s)
 22579 | D:13     | Noticed Sonja
 22580 | D:13     | Sonja changed into Sonja the hog
 22580 | D:13     | Noticed Sonja
 22587 | D:13     | Killed Sonja the hog
 22966 | Orc:1    | Entered Level 1 of the Orcish Mines
 23029 | Orc:1    | XOM: give mutations
 23029 | Orc:1    | Gained mutation: You are frail. (-10% HP) [Xom's mischief]
 23029 | Orc:1    | Lost mutation: Your spells are harder to cast, but more
                  | powerful. [Xom's mischief]
 23065 | Orc:2    | Entered Level 2 of the Orcish Mines
 23102 | Orc:1    | Learned a level 5 spell: Irradiate
 23110 | Orc:1    | Learned a level 7 spell: Enfeeble
 23139 | Orc:2    | XOM: enchant monster (bad)
 23194 | Orc:2    | Found Etuytwe's Book Emporium.
 23212 | Orc:2    | Found Tepeceze's Antique Weapon Emporium.
 23268 | Orc:2    | Found Vosoa's Antique Armour Boutique.
 23284 | Orc:2    | XOM: summons 2 hostile demons
 23302 | Orc:2    | XOM: chaos upgrade
 23341 | Orc:2    | Found a staircase to the Elven Halls.
 23353 | Orc:2    | Found Noedaext's General Store.
 23353 | Orc:2    | XOM: 4-stop teleportation journey
 23373 | Orc:2    | XOM: draining
 23384 | Orc:2    | XOM: summons friendly crimson imp
 23389 | Orc:2    | XOM: summons 3 friendly demons
 23392 | Orc:2    | XOM: polymorph orc knight -> wyvern
 23396 | Orc:2    | XOM: noise
 23413 | Orc:2    | XOM: potion effect (haste)
 23433 | Orc:2    | XOM: potion effect (heal wounds)
 23434 | Orc:2    | XOM: confuse monster(s)
 23455 | Orc:2    | XOM: potion effect (curing)
 23499 | Orc:2    | Bought a scroll of poison for 64 gold pieces
 23499 | Orc:2    | Bought a potion of heal wounds for 80 gold pieces
 23614 | Orc:2    | XOM: noise
 23692 | Orc:2    | XOM: potion effect (heal wounds)
 23987 | Orc:1    | Found a shimmering altar of Xom.
 24007 | Orc:1    | XOM: silly message
 24176 | Orc:1    | Acquired the ring "Cerphamp" {rC+ Will+ Int+2 Dex+5}
 24545 | D:14     | XOM: 1-stop teleportation journey
 24590 | D:14     | XOM: summons 3 hostile demons
 24597 | D:14     | Noticed Azrael
 24622 | D:14     | Killed Azrael
 24629 | D:14     | XOM: noise
 24745 | D:14     | XOM: swap monsters
 24764 | D:14     | XOM: 2-stop teleportation journey
 24828 | D:14     | Found a portal to a secret trove of treasure.
 24843 | D:14     | Noticed Agnes
 25083 | D:14     | You paid a toll of 4 scrolls of fog to enter a treasure
                  | trove
 25084 | Trove    | Entered a treasure trove
 25089 | Trove    | Got Koasodir's Compilation of the Lost Legion
 25095 | Trove    | Got Cemiski's Spellbook of Hexing
 25108 | Trove    | Got Sif Muna's Catalogue of the Fairies
 25124 | Trove    | Got Sif Muna's Codex of the Fair Folk and the Familiar
 25177 | D:14     | You fall into a shaft and drop 1 floor!
 25177 | D:15     | Entered Level 15 of the Dungeon
 25223 | D:15     | XOM: 1-stop teleportation journey
 25293 | D:15     | XOM: swap monsters
 25339 | D:15     | Reached skill level 10 in Shapeshifting
 25361 | D:15     | XOM: blink monster(s)
 25364 | D:15     | XOM: 1-stop teleportation journey
 25390 | D:14     | Reached XP level 16. HP: 81/81 MP: 20/20
 25464 | D:14     | Noticed Kirke
 25481 | D:14     | Kirke changed into Kirke the iron giant
 25481 | D:14     | Noticed Kirke
 25481 | D:14     | XOM: polymorph Kirke -> Kirke the iron giant
 25497 | D:14     | XOM: give mutations
 25497 | D:14     | Lost mutation: Your muscles are strong. (Str +4, Int/Dex
                  | -1) [Xom's mischief]
 25497 | D:14     | Gained mutation: You are strong-willed. (Will+) [Xom's
                  | mischief]
 25497 | D:14     | Lost mutation: Your spells are a little harder to cast, but
                  | a little more powerful. [Xom's mischief]
 25497 | D:14     | Lost mutation: Your mind is acute. (Int +4, Str/Dex -1)
                  | [Xom's mischief]
 25501 | D:14     | Killed Kirke the iron giant
 25729 | D:14     | Found a gate to the Vaults.
 25731 | D:14     | XOM: chaos upgrade
 25742 | D:14     | XOM: repel stairs
 25746 | D:14     | XOM: blink monster(s)
 25759 | D:14     | XOM: noise
 25793 | D:14     | Reached skill level 15 in Hexes
 25840 | D:14     | XOM: summons 9 friendly demons
 25851 | D:14     | XOM: noise
 26138 | D:14     | XOM: summons 1 hostile demon
 26242 | D:15     | XOM: torment (46/81 hp)
 26263 | D:15     | Found Tuas's General Store.
 26274 | D:15     | Bought a scroll of noise for 16 gold pieces
 26274 | D:15     | Bought 3 scrolls of revelation for 360 gold pieces
 26276 | D:15     | XOM: 2-stop teleportation journey
 26277 | D:15     | Found a staircase to the Depths.
 26365 | D:15     | XOM: summons friendly crimson imp
 26369 | D:15     | XOM: summons 3 friendly demons
 26447 | D:15     | XOM: cast spell 'Olgreb's Toxic Radiance'
 26471 | D:15     | XOM: fog
 26753 | D:15     | XOM: give mutations
 26753 | D:15     | Gained mutation: You have very sharp fingernails. [Xom's
                  | mischief]
 26753 | D:15     | Lost mutation: You expend magic power (3 MP) to strengthen
                  | your wands. [Xom's mischief]
 26892 | D:14     | XOM: scenery: summon butterflies
 27085 | Snake:1  | Entered Level 1 of the Snake Pit
 27174 | Snake:1  | XOM: summons 4 friendly demons
 27218 | Snake:1  | XOM: polymorph white imp -> quasit
 27226 | Snake:1  | Found Bossaot's Book Boutique.
 27229 | Snake:1  | XOM: blink monster(s)
 27255 | Snake:1  | Bought a book of Burglary for 330 gold pieces
 27259 | Snake:1  | Learned a level 3 spell: Passwall
 27371 | Snake:1  | XOM: 1-stop teleportation journey
 27372 | Snake:1  | XOM: confuse monster(s)
 27381 | Snake:1  | Reached skill level 17 in Dodging
 27397 | Snake:1  | Found Jorur's Assorted Antiques.
 27418 | Snake:1  | Bought a condenser vane for 760 gold pieces
 27462 | Snake:1  | XOM: confuse monster(s)
 27473 | Snake:1  | Reached skill level 1 in Earth Magic
 27569 | Snake:1  | Found a runed translucent gate.
 27569 | Snake:1  | Found a runed translucent gate.
 27569 | Snake:1  | Found a runed translucent gate.
 27569 | Snake:1  | Noticed Scrimshaw's ghost (adept CoHs)
 27570 | Snake:1  | Noticed partyrob117's ghost (adept MiBe)
 27609 | Snake:1  | XOM: polymorph naga -> hobgoblin
 27612 | Snake:1  | XOM: noise
 27614 | Snake:1  | XOM: snakes to sticks
 27637 | Snake:1  | XOM: noise
 27639 | Snake:1  | XOM: summons friendly ice devil
 27644 | Snake:1  | Noticed Asterion
 27647 | Snake:1  | Noticed an Executioner
 27660 | Snake:1  | HP: 3/82 [constriction[a naga ritualist] (5)]
 27661 | Snake:1  | XOM: cast spell 'Chain of Chaos'
 27692 | Snake:1  | XOM: cleaving
 27694 | Snake:1  | XOM: summons 2 friendly demons
 27697 | Snake:1  | XOM: polymorph naga mage -> glowing shapeshifter
 27805 | Snake:1  | XOM: confuse monster(s)
 27864 | Snake:1  | Killed Asterion
 28012 | Snake:2  | XOM: smoke on damage
 28021 | Snake:2  | XOM: snakes to sticks
 28056 | Snake:2  | XOM: confuse monster(s)
 28057 | Snake:2  | HP: 4/82 [constriction (5)]
 28123 | Snake:2  | XOM: enchant monster (good)
 28199 | Snake:2  | XOM: potion effect (berserk rage)
 28241 | Snake:2  | Reached skill level 5 in Spellcasting
 28351 | Snake:2  | XOM: scenery: summon butterflies
 28486 | Snake:2  | Found a transporter.
 28713 | Snake:2  | XOM: confuse monster(s)
 28713 | Snake:2  | Noticed Vashnia
 28769 | Snake:2  | XOM: divination: magic mapping
 28820 | Snake:2  | XOM: enchant monster (good)
 28823 | Snake:2  | XOM: butterfly on damage
 28829 | Snake:2  | HP: 4/83 [constriction (6)]
 29022 | Snake:2  | XOM: god gift: 1190 gold pieces
 29104 | Snake:2  | XOM: scenery: summon butterflies
 29125 | Snake:2  | Killed Vashnia
 29125 | Snake:2  | XOM: destruction
 29126 | Snake:2  | XOM: enchant monster (good)
 29168 | Snake:2  | XOM: butterfly on damage
 29192 | Snake:2  | Found a transporter.
 29228 | Snake:2  | Reached XP level 17. HP: 87/87 MP: 25/25
 29281 | Snake:2  | Learned a level 5 spell: Summon Mana Viper
 29336 | Snake:3  | XOM: polymorph black mamba -> boggart
 29434 | Snake:3  | XOM: cast spell 'Olgreb's Toxic Radiance'
 29453 | Snake:2  | Reached skill level 1 in Summonings
 29475 | Snake:2  | XOM: divination: magic mapping
 29607 | Snake:3  | Reached skill level 10 in Stealth
 29721 | Snake:3  | XOM: 3-stop teleportation journey
 29780 | Snake:3  | XOM: god gift: stone
 29865 | Snake:3  | XOM: blink monster(s)
 29961 | Snake:3  | Identified the serpent talisman of Cheibriados, Leaping
                  | {rElec Str-5 Dex+4 SInv}
 29961 | Snake:3  | Noticed Aizul
 29978 | Snake:3  | Killed Aizul
 30157 | Snake:3  | XOM: scenery: summon butterflies
 30231 | Snake:3  | XOM: summons 2 friendly demons
 30270 | Snake:4  | Entered Level 4 of the Snake Pit
 30387 | Snake:3  | XOM: god gift: pair of runed gloves {god gift}
 30497 | Snake:3  | XOM: potion effect (might)
 30504 | Snake:3  | XOM: potion effect (haste)
 30509 | Snake:3  | XOM: potion effect (attraction)
 30983 | Snake:3  | XOM: potion effect (might)
 31215 | Snake:4  | XOM: confuse monster(s)
 31291 | Snake:4  | Acquired the ring of Zoine {rPois rF+ Will+ EV+5 SInv}
 31359 | Snake:4  | XOM: silly message
 31413 | Snake:4  | XOM: enchant monster (good)
 31435 | Snake:4  | Reached skill level 5 in Summonings
 31946 | Snake:4  | XOM: cast spell 'Summon Ice Beast'
 32045 | Snake:4  | XOM: noise
 32073 | Snake:4  | XOM: silly message
 32082 | Snake:4  | Reached skill level 15 in Stealth
 32360 | Snake:4  | XOM: cast spell 'Death Channel'
 32656 | Snake:4  | XOM: confuse monster(s)
 32690 | Snake:4  | XOM: silly message
 32806 | Snake:4  | XOM: cast spell 'Summon Hydra'
 32812 | Snake:4  | XOM: summons friendly iron imp
 32861 | Snake:4  | XOM: silly message
 33293 | Snake:4  | XOM: summons friendly ufetubus
 33298 | Snake:4  | XOM: noise
 33300 | Snake:4  | XOM: enchant monster (good)
 33370 | Snake:4  | XOM: god gift: 6 stones
 33551 | Snake:4  | XOM: summons friendly quasit
 33592 | Snake:4  | XOM: cleaving
 33616 | Snake:4  | XOM: divination: detect items
 33859 | Snake:4  | Reached XP level 18. HP: 91/91 MP: 22/30
 33899 | Snake:4  | Got a serpentine rune of Zot
 33960 | Snake:4  | XOM: summons 16 friendly demons
 34106 | Snake:1  | XOM: confuse monster(s)
 34119 | Snake:1  | Mangled by partyrob117's ghost
 34119 | Snake:1  | Lost a life (1 life remaining)
 34131 | Snake:1  | XOM: god gift: 43 gold pieces
 34207 | Swamp:1  | Entered Level 1 of the Swamp
 34212 | Swamp:1  | XOM: summons friendly crimson imp
 34235 | Swamp:1  | XOM: fake destruction
 34260 | Swamp:1  | XOM: butterfly on damage
 35107 | Swamp:2  | XOM: summons 7 friendly demons
 35171 | Swamp:1  | XOM: god gift: 1266 gold pieces
 35197 | Swamp:2  | XOM: silly message
 35206 | Swamp:2  | XOM: 1-stop teleportation journey
 35223 | Swamp:2  | XOM: enchant monster (good)
 35237 | Swamp:2  | XOM: 4-stop teleportation journey
 35462 | Swamp:2  | XOM: divination: magic mapping
 35778 | Swamp:2  | XOM: silly message
 36196 | Swamp:3  | XOM: divination: detect creatures
 36203 | Swamp:3  | Noticed Nikola
 36209 | Swamp:3  | Killed Nikola
 36344 | Swamp:3  | XOM: silly message
 36346 | Swamp:4  | Entered Level 4 of the Swamp
 36500 | Swamp:3  | XOM: potion effect (haste)
 36502 | Swamp:3  | XOM: enchant monster (bad)
 36695 | Swamp:3  | XOM: silly message
 36992 | Swamp:3  | XOM: cast spell 'Leda's Liquefaction'
 37333 | Swamp:4  | Reached skill level 15 in Unarmed Combat
 37363 | Swamp:4  | XOM: divination: detect items
 37365 | Swamp:3  | XOM: enchant monster (good)
 37792 | Swamp:4  | XOM: enchant monster (good)
 37821 | Swamp:4  | XOM: give mutation
 37821 | Swamp:4  | Gained mutation: You are weak. (Str -2) [Xom's mischief]
 37852 | Swamp:4  | XOM: enchant monster (good)
 38165 | Swamp:4  | Reached skill level 1 in Alchemy
 38430 | Swamp:4  | XOM: enchant monster (bad)
 38526 | Swamp:4  | XOM: summons friendly crimson imp
 38780 | Swamp:4  | XOM: cleaving
 38889 | Swamp:4  | Got a decaying rune of Zot
 38897 | Swamp:4  | XOM: give mutation
 38897 | Swamp:4  | Gained mutation: Your flesh is cold resistant. (rC+) [Xom's
                  | grace]
 39270 | Orc:2    | XOM: summons 2 hostile demons
 39286 | Elf:1    | Entered Level 1 of the Elven Halls
 39809 | Elf:1    | XOM: 3-stop teleportation journey
 39867 | Elf:1    | XOM: summons 7 hostile demons
 40002 | Elf:2    | XOM: divination: detect creatures
 40003 | Elf:2    | XOM: cast spell 'Chain of Chaos'
 40151 | Elf:2    | Reached XP level 19. HP: 45/96 MP: 25/32
 40151 | Elf:2    | Gained a life (2 lives remaining)
 40192 | Elf:2    | Found Luonid's Assorted Antiques.
 40197 | Elf:2    | Bought a wand of roots (6) for 331 gold pieces
 40197 | Elf:2    | Bought a scroll of blinking for 172 gold pieces
 40238 | Elf:2    | XOM: 1-stop teleportation journey
 40286 | Elf:2    | Found a runed translucent gate.
 40287 | Elf:2    | Found a runed translucent gate.
 40288 | Elf:2    | Found a runed translucent gate.
 40401 | Elf:2    | XOM: 2-stop teleportation journey
 40414 | Elf:2    | XOM: stat loss: -1 Int (21/22)
 40423 | Elf:2    | XOM: butterfly on damage
 40453 | Elf:2    | Reached skill level 15 in Fighting
 40453 | Elf:2    | Reached skill level 5 in Alchemy
 40453 | Elf:2    | XOM: blink monster(s)
 40462 | Elf:2    | XOM: draining
 40484 | Elf:2    | XOM: smoke on damage
 40486 | Elf:2    | XOM: smoke on damage
 40681 | Elf:2    | XOM: noise
 41030 | Elf:2    | XOM: draining
 41118 | Elf:3    | Entered Level 3 of the Elven Halls
 41142 | Elf:3    | XOM: noise
 41146 | Elf:3    | XOM: chaos upgrade
 41411 | Elf:3    | XOM: blink monster(s)
 41834 | Elf:3    | XOM: silly message
 41960 | Elf:3    | XOM: smoke on damage
 41981 | Elf:3    | XOM: enchant monster (bad)
 42371 | Elf:3    | XOM: divination: magic mapping
 42417 | Elf:3    | XOM: noise
 42470 | Elf:3    | XOM: silly message
 42663 | Elf:3    | XOM: god gift: 45 gold pieces
 42754 | Elf:3    | XOM: 2-stop teleportation journey
 42955 | Elf:3    | XOM: summons friendly ufetubus
 42961 | Elf:3    | XOM: butterfly on damage
 42968 | Elf:3    | Reached skill level 1 in Conjurations
 43254 | Elf:3    | Found the +7 hand cannon "Mule" {flame, backblast, rF+}
 43254 | Elf:3    | Found the +7 mace of Variability {chaos, chaos arc}
 43254 | Elf:3    | XOM: 4-stop teleportation journey
 43266 | Elf:3    | Identified the +9 bardiche of Zuerheb {flame, *Corrode rF++
                  | Str+2}
 43266 | Elf:3    | Identified the amulet "Zaokhack" {^Drain rF+ Regen+ Int+5}
 43277 | Elf:3    | Identified the amulet of Vyneaf {rF+ RegenMP+}
 43282 | Elf:3    | Identified the ring "Fuw Puofic" {rC+ rCorr Str+3}
 43396 | Elf:3    | Got Idawem's Elucidation of the Catalyst
 43399 | Elf:3    | XOM: enchant monster (good)
 43406 | Elf:3    | XOM: butterfly on damage
 43478 | Elf:3    | Found the crystal ball of Wucad Mu {*channel}
 43478 | Elf:3    | XOM: cast spell 'Cause Fear'
 43487 | Elf:3    | XOM: summons friendly white imp
 43699 | Elf:3    | XOM: enchant monster (good)
 43712 | Elf:3    | XOM: enchant monster (good)
 43997 | Elf:2    | XOM: silly message
 44123 | Elf:2    | XOM: scenery: 2 doors close
 44163 | Elf:2    | XOM: confuse monster(s)
 44180 | Elf:1    | Reached skill level 10 in Alchemy
 44210 | Elf:1    | Found a radiant altar of Vehumet.
 44613 | D:12     | XOM: give mutation
 44613 | D:12     | Gained mutation: You passively dampen the noise of your
                  | surroundings. [Xom's grace]
 44653 | Vaults:1 | Entered Level 1 of the Vaults
 44723 | Vaults:1 | XOM: scenery: 1 doors open, 1 doors close
 44774 | Vaults:1 | Found Toph's Magic Scroll Shoppe.
 44781 | Vaults:1 | Bought a scroll of blinking for 127 gold pieces
 44781 | Vaults:1 | Bought a scroll of blinking for 127 gold pieces
 44781 | Vaults:1 | Bought a scroll of acquirement for 884 gold pieces
 44781 | Vaults:1 | Bought a scroll of blinking for 127 gold pieces
 44781 | Vaults:1 | Bought a scroll of fog for 68 gold pieces
 44781 | Vaults:1 | Acquired 1368 gold pieces
 44783 | Vaults:1 | Acquired the Catalogue of Conjuration and the Undead
 44789 | Vaults:1 | Learned a level 3 spell: Fugue of the Fallen
 44957 | Vaults:1 | XOM: enchant monster (bad)
 45007 | Vaults:1 | XOM: enchant monster (good)
 45009 | Vaults:1 | XOM: cast spell 'Monstrous Menagerie'
 45024 | Vaults:1 | XOM: 1-stop teleportation journey
 45115 | Vaults:1 | Reached skill level 5 in Conjurations
 45391 | Vaults:1 | Reached XP level 20. HP: 101/101 MP: 33/33
 45450 | Vaults:1 | XOM: silly message
 45533 | Vaults:1 | XOM: 4-stop teleportation journey
 45602 | Vaults:1 | XOM: divination: detect items
 45607 | Vaults:1 | XOM: polymorph vault sentinel -> shapeshifter
 45609 | Vaults:1 | XOM: noise
 45610 | Vaults:1 | XOM: noise
 45621 | Vaults:1 | XOM: enchant monster (bad)
 46238 | Vaults:2 | Learned a level 2 spell: Blink
 46266 | Vaults:2 | Found a flickering gateway to a bazaar.
 46277 | Bazaar   | Entered a bazaar
 46335 | Bazaar   | Found Japah Mabb's Assorted Antiques.
 46338 | Bazaar   | Found Ifiuhocu's Weapon Shop.
 46343 | Bazaar   | Bought a potion of might for 84 gold pieces
 46343 | Bazaar   | Bought a scroll of revelation for 157 gold pieces
 46353 | Bazaar   | Found Alybb's Assorted Antiques.
 46359 | Bazaar   | Bought a potion of cancellation for 256 gold pieces
 46359 | Bazaar   | Bought a potion of heal wounds for 160 gold pieces
 46384 | Bazaar   | Found Dodwaugh's Distillery.
 46392 | Bazaar   | Bought a potion of haste for 90 gold pieces
 46392 | Bazaar   | Bought a potion of heal wounds for 45 gold pieces
 46392 | Bazaar   | Bought a potion of curing for 27 gold pieces
 46392 | Bazaar   | Bought a potion of heal wounds for 45 gold pieces
 46392 | Bazaar   | Bought a potion of cancellation for 72 gold pieces
 46392 | Bazaar   | Bought 2 potions of heal wounds for 90 gold pieces
 46439 | Vaults:2 | Found a crumbling gateway.
 46453 | Desolati | Entered the Desolation of Salt
 46458 | Desolati | XOM: fake destruction
 46466 | Desolati | XOM: smoke on damage
 46470 | Desolati | Reached skill level 1 in Translocations
 46694 | Desolati | Reached skill level 18 in Dodging
 46699 | Desolati | XOM: 2-stop teleportation journey
 46720 | Desolati | Slain by a peacekeeper
 46720 | Desolati | Lost a life (1 life remaining)
 46763 | Desolati | XOM: swap monsters
 46768 | Desolati | XOM: god gift: book of Iron
 46774 | Desolati | XOM: blink monster(s)
 46999 | Desolati | Reached skill level 1 in Necromancy
 47014 | Desolati | XOM: god gift: atropa-tipped dart
 47077 | Desolati | Got the Omnibus of the Salamander
 47087 | Desolati | Identified the ring "Nunen" {*Slow rCorr Int+5 Dex+2}
 47092 | Desolati | Got the Volume of the Mirage and Gusts
 47291 | Desolati | XOM: divine lightning
 47311 | Desolati | XOM: scenery: create altars
 47320 | Desolati | XOM: scenery: summon butterflies
 47324 | Desolati | XOM: confuse monster(s)
 47385 | Desolati | XOM: 1-stop teleportation journey
 47447 | Desolati | XOM: god gift: flail {god gift}
 47564 | Desolati | XOM: scenery: create altars
 47578 | Desolati | Identified the ring of Fitargh {rPois Will+ Str+3 Int+3}
 47580 | Desolati | Identified the ring "Cohics" {Ice Str+2 Int+4}
 47676 | Desolati | Identified the ring of the Carved God {Fire *Corrode rN+
                  | Stlth+}
 47678 | Desolati | Identified the +0 chain mail "Weatowna" {Harm Str+4 Stlth+}
 47882 | Desolati | Found a shimmering altar of Xom.
 47883 | Desolati | Found a shimmering altar of Xom.
 47885 | Desolati | Found a shimmering altar of Xom.
 47886 | Desolati | Found a shimmering altar of Xom.
 47893 | Desolati | Found a shimmering altar of Xom.
 47898 | Desolati | Found a shimmering altar of Xom.
 47898 | Desolati | Found a shimmering altar of Xom.
 48252 | Vaults:2 | XOM: stat loss: -1 Str (7/8)
 48273 | Vaults:2 | XOM: 1-stop teleportation journey
 48569 | Vaults:2 | Found a staircase to the Crypt.
 48572 | Vaults:2 | Reached skill level 19 in Dodging
 48671 | Vaults:2 | XOM: god gift: 45 gold pieces
 48945 | Vaults:3 | XOM: divination: detect items
 48946 | Vaults:3 | XOM: scenery: 4 doors open
 48948 | Vaults:3 | XOM: fake destruction
 48952 | Vaults:3 | XOM: summons 11 friendly demons
 48959 | Vaults:3 | XOM: scenery: 4 doors close
 48972 | Vaults:3 | Reached skill level 5 in Necromancy
 49117 | Vaults:3 | HP: 4/101 [ettin/+0 dire flail (22)]
 49117 | Vaults:3 | Slain by an ettin
 49117 | Vaults:3 | Lost a life (0 lives remaining)
 49331 | Vaults:3 | Reached XP level 21. HP: 105/105 MP: 26/34
 49331 | Vaults:3 | Gained a life (1 life remaining)
 49332 | Vaults:3 | XOM: summons friendly ufetubus
 49667 | Vaults:3 | XOM: smoke on damage
 49932 | Vaults:3 | XOM: 1-stop teleportation journey
 50266 | Vaults:3 | XOM: divination: detect items
 50331 | Vaults:3 | XOM: noise
 50335 | Vaults:3 | XOM: enchant monster (good)
 50385 | Vaults:3 | XOM: enchant monster (good)
 50395 | Vaults:3 | XOM: cast spell 'Summon Cactus Giant'
 50413 | Vaults:3 | Reached skill level 20 in Dodging
 50417 | Vaults:3 | XOM: silly message
 50598 | Vaults:3 | XOM: noise
 50866 | Vaults:3 | XOM: enchant monster (bad)
 50921 | Vaults:3 | XOM: divination: detect creatures
 51147 | Vaults:3 | XOM: silly message
 51238 | Vaults:3 | XOM: god gift: leather armour {god gift}
 51285 | Vaults:4 | Got the Atlas of Cloudy Interference
 51299 | Vaults:4 | XOM: divination: detect items
 51343 | Vaults:4 | XOM: 1-stop teleportation journey
 51412 | Vaults:4 | XOM: cloud trail
 51737 | Vaults:4 | XOM: god gift: leather armour {god gift}
 51855 | Vaults:4 | XOM: confuse monster(s)
 51988 | Vaults:4 | Upgraded the game from 0.32-a0-607-g64ea0e4219 to
                  | 0.32-a0-612-g1c984fe9d1
 52002 | Vaults:4 | Found Oruesm's Distillery.
 52010 | Vaults:4 | Bought a potion of heal wounds for 65 gold pieces
 52010 | Vaults:4 | Bought a potion of heal wounds for 65 gold pieces
 52010 | Vaults:4 | Bought a potion of haste for 130 gold pieces
 52021 | Vaults:4 | Found Dybir's Weapon Shop.
 52025 | Vaults:4 | XOM: potion effect (curing)
 52037 | Vaults:4 | XOM: confuse monster(s)
 52169 | Vaults:4 | XOM: butterfly on damage
 52172 | Vaults:4 | XOM: god gift: pair of gloves {god gift}
 52689 | Vaults:4 | Learned a level 4 spell: Olgreb's Toxic Radiance
 52849 | Depths:1 | Entered Level 1 of the Depths
 52898 | Depths:1 | XOM: stat loss: -1 Str (7/8)
 52946 | Depths:1 | XOM: 2-stop teleportation journey
 53054 | Depths:1 | Found an ornate altar of the Wu Jian Council.
 53158 | Depths:1 | XOM: give mutation
 53158 | Depths:1 | Lost mutation: You are frail. (-10% HP) [Xom's mischief]
 53443 | Depths:1 | Found a gateway to Hell.
 53457 | Depths:1 | XOM: butterfly on damage
 53770 | Depths:1 | XOM: polymorph fire giant -> bunyip
 53773 | Depths:1 | XOM: enchant monster (good)
 53952 | Depths:1 | Reached skill level 10 in Necromancy
 53955 | Depths:1 | Reached XP level 22. HP: 122/122 MP: 30/35
 53955 | Depths:1 | Gained a life (2 lives remaining)
 54155 | Depths:1 | XOM: scenery: summon butterflies
 54242 | Depths:1 | XOM: chaos upgrade
 54410 | Depths:1 | XOM: smoke on damage
 54411 | Depths:1 | XOM: enchant monster (bad)
 54412 | Depths:1 | XOM: divination: detect creatures
 54483 | Depths:1 | XOM: fog
 54486 | Depths:1 | XOM: enchant monster (bad)
 54676 | Depths:1 | XOM: noise
 54847 | Depths:2 | Found a one-way gate leading to the halls of Pandemonium.
 55022 | Depths:2 | XOM: cleaving
 55023 | Depths:2 | XOM: divination: detect creatures
 55056 | Depths:2 | XOM: potion effect (attraction)
 55064 | Depths:2 | Reached skill level 21 in Dodging
 55118 | Depths:2 | XOM: enchant monster (bad)
 55344 | Depths:2 | XOM: cloud trail
 55363 | Depths:2 | XOM: polymorph cyan very ugly thing -> purple very ugly
                  | thing
 55590 | Depths:2 | XOM: give mutations
 55590 | Depths:2 | Lost mutation: You are weak. (Str -2) [Xom's mischief]
 55590 | Depths:2 | Lost mutation: Your flesh is cold resistant. (rC+) [Xom's
                  | mischief]
 55590 | Depths:2 | Gained mutation: You are weak. (Str -2) [Xom's mischief]
 55590 | Depths:2 | Lost mutation: You have very sharp fingernails. [Xom's
                  | mischief]
 55603 | Depths:2 | Found a runed translucent door.
 55603 | Depths:2 | XOM: summons friendly ufetubus
 55727 | Depths:2 | XOM: 3-stop teleportation journey
 55768 | Depths:2 | Found a one-way gateway to a ziggurat.
 55786 | Depths:2 | XOM: summons 3 friendly demons
 55978 | Depths:2 | XOM: noise
 56120 | Depths:2 | Found a runed translucent door.
 56178 | Depths:3 | XOM: summons friendly white imp
 56678 | Depths:3 | Found a sparkling altar of Nemelex Xobeh.
 56734 | Depths:3 | XOM: silly message
 56920 | Depths:3 | Found the +7 captain's cutlass {speed, disarm}
 57285 | Depths:3 | XOM: 2-stop teleportation journey
 57688 | Depths:4 | Entered Level 4 of the Depths
 57892 | Depths:4 | Noticed a golden dragon
 58073 | Depths:2 | XOM: scenery: create altars
 58411 | Snake:1  | XOM: fog
 58417 | Snake:1  | XOM: enchant monster (good)
 58418 | Snake:1  | XOM: scenery: summon butterflies
 58420 | Snake:1  | XOM: cleaving
 58427 | Snake:1  | Lost mutation: You passively dampen the noise of your
                  | surroundings. [mutagenic glow]
 58440 | Snake:1  | Killed Scrimshaw's ghost
 58449 | Snake:1  | Killed partyrob117's ghost
 58472 | Snake:1  | Identified the ring "Ethra" {rCorr Dex+3}
 58537 | Lair:3   | XOM: god gift: wand of paralysis (4)
 58673 | D:12     | XOM: scenery: create altars
 58727 | D:15     | XOM: give mutations
 58727 | D:15     | Gained mutation: Your mind is acute. (Int +4, Str/Dex -1)
                  | [Xom's grace]
 58727 | D:15     | Gained mutation: You have a pair of antennae on your head.
                  | [Xom's grace]
 58727 | D:15     | Gained mutation: You are very agile. (Dex +8, Str/Int -2)
                  | [Xom's grace]
 58847 | Depths:4 | XOM: cast spell 'Chain of Chaos'
 58979 | Depths:4 | Noticed a golden dragon
 59088 | Depths:4 | Noticed a golden dragon
 59263 | Depths:4 | XOM: cast spell 'Summon Ice Beast'
 59276 | Depths:4 | XOM: destruction
 59413 | Depths:4 | XOM: scenery: 1 doors close
 59417 | Depths:4 | XOM: polymorph white draconian -> eye of devastation
 59420 | Depths:4 | XOM: divine lightning
 59545 | Depths:3 | Killed a golden dragon
 59621 | Depths:3 | XOM: give mutations
 59621 | Depths:3 | Gained mutation: You are partially covered in iridescent
                  | scales. (AC +2) [Xom's grace]
 59621 | Depths:3 | Gained mutation: You are robust. (+10% HP) [Xom's grace]
 59621 | Depths:3 | Gained mutation: Your skin changes colour to match your
                  | surroundings (Stealth+). [Xom's grace]
 59626 | Depths:4 | a golden dragon changed into a frost giant
 59626 | Depths:4 | XOM: polymorph golden dragon -> frost giant
 59658 | Depths:4 | Reached XP level 23. HP: 141/143 MP: 13/36
 59664 | Depths:4 | Reached skill level 22 in Dodging
 59962 | Depths:4 | XOM: silly message
 60029 | Depths:4 | XOM: 3-stop teleportation journey
 60030 | Depths:4 | XOM: noise
 60166 | Depths:4 | Found a runed translucent door.
 60282 | Depths:4 | Found a runed translucent door.
 60287 | Depths:4 | Found a runed translucent door.
 60321 | Depths:4 | Found a runed translucent door.
 60426 | Depths:4 | Found a runed translucent door.
 60450 | Depths:4 | Found a runed translucent door.
 60460 | Depths:4 | Found a gate to the Realm of Zot.
 60647 | Depths:3 | Voluntarily entered the Abyss.
 60683 | Depths:3 | Escaped the Abyss
 60701 | Depths:2 | XOM: god gift: runed ring mail {god gift}
 60896 | Vaults:5 | Entered Level 5 of the Vaults
 60898 | Vaults:5 | XOM: enchant monster (good)
 61069 | Vaults:5 | XOM: give mutations
 61069 | Vaults:5 | Lost mutation: Your mind is acute. (Int +4, Str/Dex -1)
                  | [Xom's mischief]
 61069 | Vaults:5 | Lost mutation: You possess an exceptional clarity of mind.
                  | [Xom's mischief]
 61069 | Vaults:5 | Lost mutation: You are robust. (+10% HP) [Xom's mischief]
 61069 | Vaults:5 | Gained mutation: Your body sometimes deteriorates upon
                  | taking damage. [Xom's mischief]
 61198 | Vaults:5 | XOM: butterfly on damage
 61291 | Vaults:5 | XOM: enchant monster (bad)
 61306 | Vaults:5 | XOM: noise
 61320 | Vaults:5 | XOM: polymorph brown very ugly thing -> cyan very ugly
                  | thing
 61444 | Vaults:5 | XOM: swap monsters
 61607 | Vaults:5 | XOM: polymorph deep elf annihilator -> eye of devastation
 61613 | Vaults:5 | Noticed an ancient lich
 61640 | Vaults:5 | Killed an ancient lich
 61938 | Vaults:5 | XOM: silly message
 62143 | Vaults:5 | XOM: enchant monster (bad)
 62159 | Vaults:5 | XOM: noise
 62430 | Vaults:5 | Identified the +4 sling "Necovuty" {drain, ^Drain rN+
                  | Str+8}
 62446 | Vaults:5 | Identified the ring of Nunofe {Wiz Will+ Str+6}
 62484 | Vaults:5 | XOM: confuse monster(s)
 62600 | Vaults:5 | Noticed an ancient lich
 62612 | Vaults:5 | Killed an ancient lich
 62641 | Vaults:5 | Noticed a dread lich
 62651 | Vaults:5 | Got a silver rune of Zot
 62681 | Vaults:5 | Killed a dread lich
 62743 | Vaults:5 | XOM: enchant monster (bad)
 62922 | Vaults:5 | Reached skill level 23 in Dodging
 63076 | Vaults:5 | XOM: blink monster(s)
 63086 | Vaults:5 | XOM: swap monsters
 63278 | Vaults:5 | XOM: polymorph tentacled monstrosity -> Hell Sentinel
 63281 | Vaults:5 | XOM: butterfly on damage
 63304 | Vaults:5 | XOM: confusion
 63475 | Vaults:5 | XOM: noise
 63782 | Vaults:5 | XOM: swap monsters
 63846 | Vaults:5 | XOM: give mutations
 63846 | Vaults:5 | Lost mutation: You are weak. (Str -2) [Xom's mischief]
 63846 | Vaults:5 | Lost mutation: You have a somewhat thin skeletal structure.
                  | (Dex +2, Stealth+) [Xom's mischief]
 63846 | Vaults:5 | Lost mutation: Your skin changes colour to match your
                  | surroundings (Stealth+). [Xom's mischief]
 63846 | Vaults:5 | Lost mutation: You are very agile. (Dex +8, Str/Int -2)
                  | [Xom's mischief]
 63850 | Vaults:5 | XOM: give mutation
 63850 | Vaults:5 | Lost mutation: You are strong-willed. (Will+) [Xom's
                  | mischief]
 63989 | Vaults:5 | XOM: repel stairs
 64002 | Vaults:5 | Reached XP level 24. HP: 137/137 MP: 17/36
 64263 | Vaults:5 | Noticed a dread lich
 64264 | Vaults:5 | XOM: 4-stop teleportation journey
 64296 | Vaults:5 | XOM: silly message
 64356 | Vaults:5 | Identified the +12 great sword of Xom's Envy {drain, rElec
                  | rC+ Int-3 SInv}
 64360 | Vaults:5 | XOM: chaos cloud
 64411 | Vaults:5 | Killed a dread lich
 64528 | Vaults:5 | XOM: butterfly on damage
 65132 | Zot:1    | Entered Level 1 of the Realm of Zot
 65305 | Zot:1    | Noticed an orb of fire
 65305 | Zot:1    | Killed an orb of fire
 65442 | Zot:1    | Reached skill level 24 in Dodging
 65853 | Zot:1    | XOM: polymorph quicksilver dragon -> iron troll
 66054 | Zot:1    | XOM: scenery: 3 doors close
 66595 | Zot:2    | Noticed an orb of fire
 66608 | Zot:2    | Killed an orb of fire
 66646 | Zot:2    | Noticed an orb of fire
 66646 | Zot:2    | XOM: 1-stop teleportation journey
 66648 | Zot:2    | Noticed a Killer Klown
 66694 | Zot:3    | XOM: noise
 66785 | Zot:3    | Noticed Parghit
 66801 | Zot:3    | Killed Parghit
 67017 | Zot:3    | XOM: cast spell 'Malign Gateway'
 67021 | Zot:3    | XOM: destruction
 67027 | Zot:3    | XOM: noise
 67034 | Zot:3    | Mangled by a green draconian
 67034 | Zot:3    | Lost a life (1 life remaining)
 67046 | Zot:4    | Noticed an orb of fire
 67048 | Zot:4    | Noticed Asesu's ghost (veteran AtFi)
 67048 | Zot:4    | Found Hiw Bapp's Assorted Antiques.
 67048 | Zot:4    | Found Yrywk's Assorted Antiques.
 67048 | Zot:4    | Found an opulent altar of Gozag.
 67049 | Zot:4    | XOM: enchant monster (good)
 67057 | Zot:4    | Found a runed translucent gate.
 67057 | Zot:4    | Found a runed translucent gate.
 67057 | Zot:4    | Found a runed translucent gate.
 67086 | Zot:5    | Entered Level 5 of the Realm of Zot
 67526 | Zot:5    | Noticed a Killer Klown
 67526 | Zot:5    | Noticed an orb of fire
 67526 | Zot:5    | Noticed a Killer Klown
 67526 | Zot:5    | Noticed a Killer Klown
 67526 | Zot:5    | XOM: 1-stop teleportation journey
 67534 | Zot:5    | Got the Orb of Zot
 67536 | Zot:5    | Noticed an orb of fire
 67536 | Zot:5    | Noticed a Killer Klown
 67538 | Zot:5    | Noticed a Killer Klown
 67542 | Zot:5    | XOM: scenery: create altars
 67543 | Zot:5    | XOM: divination: detect creatures
 67547 | Zot:5    | Noticed a Killer Klown
 67548 | Zot:5    | XOM: potion effect (attraction)
 67551 | Zot:5    | Noticed an ancient lich
 67553 | Zot:5    | Noticed an ancient lich
 67556 | Zot:5    | Noticed a Killer Klown
 67561 | Zot:5    | Slain by an Orb Guardian
 67561 | Zot:5    | Lost a life (0 lives remaining)
 67600 | Zot:4    | XOM: confuse monster(s)
 67615 | Zot:3    | Noticed Defosuc the pandemonium lord
 67624 | Zot:3    | XOM: divination: detect creatures
 67628 | Zot:3    | XOM: cast spell 'Iskenderun's Battlesphere'
 67630 | Zot:2    | Noticed a Killer Klown
 67630 | Zot:2    | XOM: cast spell 'Leda's Liquefaction'
 67638 | Zot:2    | XOM: noise
 68079 | D:6      | XOM: butterfly on damage
 68080 | D:6      | XOM: noise
 68208 | D:1      | Noticed Juewneen the pandemonium lord
 68223 | D:$      | Escaped with the Orb!

Illustrated notes

Levels and vault maps discovered:
D:1:      sevenhm_arrival_forest_fort_large_2, layout_basic,
          chequers_serial_rivers_micro_d
D:2:      minmay_razor_zed, layout_basic, kennysheep_generic_room_3
D:3:      layout_loops_ring, minitemple, serial_shops, shop,
          amcnicky_altar_lugonu_corruption, uniq_crazy_yiuf_cottage, uniq_robin,
          uniq_natasha, uniq_grinder
D:4:      layout_layer_cave, nicolae_ossuary_entry_false_entrances,
          uniq_eustachio, uniq_duvessa
D:5:      layout_basic
D:6:      layout_gridville, gammafunk_ghost_split
D:7:      layout_loops_ring, mainiacjoe_overflow_alcove_2, temple_hall,
          serial_shops, kennysheep_mini
D:8:      layout_basic, serial_rivers, chequers_serial_rivers_micro_e,
          chequers_serial_rivers_room_b, chequers_serial_rivers_micro_b,
          chequers_serial_rivers_room_b, chequers_serial_rivers_micro_b,
          chequers_serial_rivers_room_b, uniq_maggie
D:9:      layout_loops_corners, mainiacjoe_overflow_catwalk, david_orc_5,
          special_room [special_room_bee], grunt_decor_resistance
D:10:     minmay_flawed_box, layout_basic, mainiacjoe_overflow_tiny_flanked,
          lemuel_tele_altar, dpeg_oklobed_lair
D:11:     layout_basic, serial_park_tiny_2
D:12:     layout_long_grid, uniq_frances, uniq_jorgrun, uniq_erolcha
D:13:     nicolae_cairo_tiling, layout_basic, uniq_sonja
D:14:     layout_loops_corners, lightli_vaults_fourway_checkpoint, special_room
          [special_room_orc], enter_trove_2, serial_park_gazebo
          [serial_park_minivault_5x5_1], uniq_kirke, uniq_azrael, uniq_agnes
D:15:     grunt_enter_depths_hoard, layout_irregular_city, serial_shops,
          nicolae_shop_behind_doors, minmay_door_square
Lair:1:   beast_lair_carwin_large_4, layout_concentric_octagons
Lair:2:   layout_cave_pods, gammafunk_ghost_hydra_chop, worms_lemuel,
          grunt_megastairs_4, uniq_gastronok
Lair:3:   layout_cave_shapes, swamp_mist_pool, guppyfry_snake_entry_garden,
          gauntlet_entry_generic
Lair:4:   layout_cave_pods, nicolae_slime_entry_slimehenge,
          portal_ice_cave_entry_pillars_1, minmay_stone_trees_medium,
          patterned_corridor
Lair:5:   hangedman_lair_tendril_chambers, layout_cave_shapes, wormcave,
          kilobyte_rumbling_trees, serial_bayou_shore_b
Swamp:1:  layout_basic_swamp, hangedman_swamp_cone
Swamp:2:  layout_basic_swamp, evilmike_swamp_ruin_house_3, swamp_pool_1_2
Swamp:3:  layout_falls_marsh, nicolae_swamp_ascending_descending_big,
          swamp_pool_3, uniq_nikola
Swamp:4:  swamp_alternative, layout_basic_swamp, infiniplex_staircase_pool_2
Snake:1:  layout_grid_shapes, gammafunk_ghost_cemetery, serial_shops,
          nicolae_diamond_shop, shop, uniq_asterion
Snake:2:  gammafunk_its_a_trap, layout_misc_corridors, uniq_vashnia
Snake:3:  layout_basic, uniq_aizul
Snake:4:  snake_pit, layout_concentric_octagons, grunt_megastairs_2
Orc:1:    layout_caves, regret_index_xom_of_box
Orc:2:    grunt_orc_gardens, layout_caves, grunt_orc_garden, grunt_orc_garden,
          grunt_orc_garden, grunt_orc_garden, special_room
Elf:1:    nicolae_elf_arrival_aired_out, layout_loops_cross, guppyfry_elf_altar
Elf:2:    nicolae_elf_blades_splatter_lattice [grunt_blade_entry_basic],
          layout_gridlike, serial_shops, nicolae_shop_hallway_plus
Elf:3:    minmay_elf_hall, layout_geoelf_octagon
Vaults:1: vaults_room_grid, serial_library_hellmonk_open_cross,
          nicolae_vaults_network_s, nicolae_vaults_octothorpe,
          nicolae_vaults_hexular_roomagon, vaults_dpeg_ring,
          ontoclasm_vaults_chip, dpeg_vaults_monster_box,
          hangedman_vaults_locks, ontoclasm_vaults_claustrophobia,
          nicolae_vaults_trapezoid_lopsided_1, nicolae_vaults_apartment_1,
          vaults_dpeg_encased_lava, vaults_room_grunt_arrival_ludios,
          nicolae_vaults_yaktaur_gun_rack, vaults_room_pools,
          layout_vaults_omnicross, serial_shops, shop
Vaults:2: portal_desolation_entry_garden, nicolae_vaults_circle_grid_a,
          grunt_vaults_bifocal, nicolae_vaults_tangram_1,
          nicolae_vaults_storage_closets_2, v_alt_pattern_1,
          minmay_crypt_entry_simple_box, nicolae_vaults_little_squares_4,
          layout_vaults_omnigrid, serial_shops, bzr_in_the_mist
Vaults:3: ontoclasm_vaults_misaligned, nicolae_vaults_closet_pinwheel_3,
          nicolae_vaults_theta, nicolae_vaults_puzzle_piece,
          ontoclasm_vaults_fault, v_misc_1, nicolae_vaults_storage_closets_1,
          nicolae_vaults_asterisk, nicolae_vaults_know_your_exits, v_pattern_4,
          nicolae_vaults_big_ls, layout_vaults_maze_bifur
Vaults:4: vaults_mumra_hex, nicolae_vaults_taking_the_gang_shopping,
          nicolae_vaults_more_shelving_1, hangedman_vaults_impose, v_misc_1,
          v_misc_23, hangedman_vaults_river_flow, hangedman_vaults_trim,
          nicolae_vaults_apartment_2, nicolae_vaults_apartment_1,
          vaults_room_fancy_cross, layout_vaults_ring, serial_shops,
          nicolae_shop_tiny_statue_garden
Vaults:5
Depths:1: minmay_thinvault, layout_basic, grunt_mini_vestibule, fountainhead,
          pdpol_wu_jian_five_deadly_venoms
Depths:2: minmay_expanding_circles, layout_cave_pools, enter_ziggurat_e,
          pan_entry, abyss_entry, hell_entry, hangedman_decor_points,
          minmay_staircase_bubble
Depths:3: regret_index_nemelex_summoning_deck_glade, layout_gridlike,
          hangedman_abyss_entry_splay, hellmouth_1
Depths:4: evilmike_zot_entry_castle, layout_gridlike, minmay_misc_feat_tower,
          pf_coc_iceberg, uniq_margery
Zot:1:    layout_gridville
Zot:2:    grunt_zot_stairs_mandelzot, layout_basic, nicolae_tricolors
Zot:3:    grunt_twist_and_shout, layout_onion, regret_index_zotdec_storm_pass,
          zot_minivault_4, uniq_parghit
Zot:4:    layout_misc_corridors, ebering_ghost_gozag, st_small_dragon_hoard_3,
          st_grand_hoard_of_tiamat
Zot:5:    layout_basic, skrybe_zot_glass_2

Skill      XL: |  1  2  3  4  5  6  7  8  9 10 11 12 13 14 15 16 17 18 19 20 21 22 23 24 |
---------------+-------------------------------------------------------------------------+-----
Stealth        | 2 3 4 5 9 17 20 | 20.2
Hexes          | 1 3 4 5 7 8 9 14 16 18 | 18.0
Unarmed Combat | 4 5 6 8 9 11 12 13 14 16 17 18 19 20 | 20.6
Shapeshifting  | 1 2 4 7 8 10 11 12 14 | 14.0
Dodging        | 4 8 11 13 15 16 17 19 20 21 23 24 | 24.0
Fighting       | 5 6 7 9 11 13 14 15 16 18 20 | 20.0
Evocations     | 3 11 15 | 15.3
Spellcasting   | 2 5 7 8 |  8.0
Earth Magic    | 3 4 |  4.0
Summonings     | 5 |  5.0
Alchemy        | 3 10 11 | 11.0
Conjurations   | 5 7 8 |  8.0
Translocations | 4 |  4.0
Necromancy     | 5 10 | 10.0

Action                     |  1- 3 |  4- 6 |  7- 9 | 10-12 | 13-15 | 16-18 | 19-21 | 22-24 || total
---------------------------+-------+-------+-------+-------+-------+-------+-------+-------++-------
  Melee: Unarmed           |   112 |    93 |   296 |   763 |  1824 |  1736 |  1334 |  1404 ||  7562
         Bite              |    11 |    10 |    43 |   140 |   347 |   348 |   255 |   331 ||  1485
         Punch             |     4 |     4 |     3 |       |       |    62 |   202 |   266 ||   541
         Maw               |       |       |       |       |       |   166 |   552 |   623 ||  1341
   Cast: Jinxbite          |     2 |    14 |    48 |    90 |    99 |    10 |       |       ||   263
         Enfeeble          |       |       |       |       |       |   149 |   136 |   196 ||   481
         Passwall          |       |       |       |       |       |     4 |     3 |    19 ||    26
         Summon Mana Viper |       |       |       |       |       |     2 |     6 |    11 ||    19
         Irradiate         |       |       |       |       |       |       |    34 |    47 ||    81
         Fugue of the Fall |       |       |       |       |       |       |     4 |     2 ||     6
         Olgreb's Toxic Ra |       |       |       |       |       |       |     1 |     7 ||     8
         Blink             |       |       |       |       |       |       |       |     1 ||     1
Ability: Evoke Blink       |       |       |       |       |     1 |       |       |       ||     1
  Evoke: Wand              |       |       |       |     1 |     4 |    11 |    24 |     6 ||    46
         Sack of spiders   |       |       |       |       |     3 |     4 |     4 |     4 ||    15
         Phial of floods   |       |       |       |       |     1 |     2 |     2 |       ||     5
         Condenser vane    |       |       |       |       |       |     2 |     1 |     2 ||     5
         Lightning rod     |       |       |       |       |       |       |     4 |     3 ||     7
         Phantom mirror    |       |       |       |       |       |       |       |     2 ||     2
    Use: Potion            |       |     1 |     1 |       |     2 |     4 |     2 |    12 ||    22
         Scroll            |       |       |    13 |     4 |    12 |     9 |     9 |    19 ||    66
   Stab: Sleeping          |    19 |    11 |    10 |     7 |     4 |    21 |   119 |    63 ||   254
         Distracted        |       |     2 |       |     2 |     5 |     7 |    13 |    16 ||    45
         Confused          |       |       |     1 |     2 |    12 |    11 |    10 |     1 ||    37
         Paralysed         |       |       |       |     2 |     1 |     4 |     1 |     1 ||     9
         Petrified         |       |       |       |       |     2 |       |     2 |       ||     4
         Invisible         |       |       |       |       |       |   111 |    78 |   140 ||   329
         Held in net/web   |       |       |       |       |       |       |     1 |     2 ||     3
 Armour: Skin              |    28 |    31 |    98 |   125 |   324 |   456 |   349 |   318 ||  1729
  Dodge: Dodged            |    87 |    60 |   239 |   923 |  2425 |  2707 |  1648 |  1895 ||  9984
   Form: Flux              |       |       |     1 |       |     1 |     2 |       |       ||     4
                           |       |       |       |       |     1 |       |       |       ||     1
         Serpent           |       |       |       |       |       |     2 |       |       ||     2
         Maw               |       |       |       |       |       |     1 |     1 |       ||     2
         Blade             |       |       |       |       |       |       |     1 |       ||     1

Table legend: (Time is in decaauts)
 A = Elapsed time spent in this place.
 B = Non-inter-level travel time spent in this place.
 C = Inter-level travel time spent in this place.
 D = Time resting spent in this place.
 E = Time spent auto-exploring this place.
 F = Levels seen in this place.
 G = Mean time per level.
                   A        B        C        D        E       F      G
               +--------+--------+--------+--------+--------+-----+--------+
         Total |  66620 |  61137 |   5483 |   7439 |  35730 |  54 | 1233.7 |
       Dungeon |  17749 |  15562 |   2187 |   1373 |  10361 |  15 | 1183.3 |
          Lair |   6988 |   6328 |    660 |    375 |   3667 |   5 | 1397.6 |
         Swamp |   4839 |   4512 |    327 |   1018 |   2401 |   4 | 1209.8 |
     Snake Pit |   6977 |   6668 |    309 |   1188 |   3216 |   4 | 1744.2 |
  Orcish Mines |   1517 |   1193 |    324 |     19 |    720 |   2 |  758.5 |
   Elven Halls |   5001 |   4654 |    347 |   1016 |   2430 |   3 | 1667.0 |
        Vaults |  10110 |   9574 |    536 |    860 |   6134 |   5 | 2022.0 |
        Depths |   7388 |   6688 |    700 |   1022 |   4164 |   4 | 1847.0 |
           Zot |   2451 |   2361 |     90 |    190 |   1361 |   5 |  490.2 |
         Abyss |    688 |    688 |      0 |     35 |      0 |   2 |  344.0 |
        Bazaar |    132 |    132 |      0 |      0 |    109 |   1 |  132.0 |
         Trove |     61 |     61 |      0 |      0 |     40 |   1 |   61.0 |
      Ice Cave |    754 |    754 |      0 |     70 |    356 |   1 |  754.0 |
    Desolation |   1536 |   1536 |      0 |    271 |    545 |   1 | 1536.0 |
      Gauntlet |    422 |    422 |      0 |      0 |    223 |   1 |  422.0 |
               +--------+--------+--------+--------+--------+-----+--------+

Top non-repeatable levels by time:
Vaults:5: 3733 daAuts
 Snake:4: 2836 daAuts
   Elf:3: 2800 daAuts
Depths:1: 2268 daAuts
Vaults:3: 2160 daAuts
Depths:4: 2032 daAuts
     D:9: 1923 daAuts
 Swamp:3: 1848 daAuts
  Lair:5: 1798 daAuts
Depths:3: 1709 daAuts
    D:10: 1644 daAuts
 Snake:3: 1642 daAuts
  Lair:2: 1617 daAuts
Desolation: 1536 daAuts
Vaults:4: 1534 daAuts
